 Dungeon Crawl Stone Soup version 0.21-a0-552-g593960d (webtiles) character file.

11917133 theanonym the Corrupter of Planes (level 27, 249/249 HPs)
             Began as a Formicid Abyssal Knight on Dec 17, 2017.
             Was the Champion of Lugonu.
             Escaped with the Orb
             ... and 15 runes on Dec 18, 2017!
             The game lasted 08:43:49 (137103 turns).

theanonym the Corrupter of Planes (FoAK)          Turns: 137103, Time: 08:43:50

Health: 249/249    AC: 49    Str: 40    XL:     27
Magic:  43/43      EV: 18    Int: 20    God:    Lugonu [******]
Gold:   3468       SH: 32    Dex: 16    Spells: 0/58 levels left

rFire    + + +     SeeInvis +   a - +9 executioner's axe (elec)
rCold    + + +     Gourm    .   j - +8 large shield {reflect}
rNeg     + + +     Faith    +   k - +9 scales of the Dragon King {rPois rF+ rC+ MR+}
rPois    ∞         Spirit   .   (helmet unavailable)
rElec    +         Reflect  +   L - scarf {cloud immunity}
rCorr    .         Harm     .   g - +2 pair of gloves {Str+3}
MR       +++++                  Z - +2 pair of boots of the Cuttlefish {MR++ Dex+2}
Stlth    ..........             P - amulet "Rexodorph" {Faith rElec Str+2 Int+2 Stlth+}
HPRegen  0.51/turn              V - ring of Telargh {rF++ Int+2}
MPRegen  0.28/turn              b - ring "Vyonejov" {+Blink rElec rC+ Str+5 SInv}

@: lich-form
A: permanent stasis, dig shafts and tunnels, four strong arms, antennae 3,
hooves 1, thin skeletal structure 1, agile 1, magic resistance 1, sense
surroundings 1, strong 2
0: Orb of Zot
}: 15/15 runes: barnacled, slimy, silver, golden, iron, obsidian, icy, bone,
abyssal, demonic, glowing, magical, fiery, dark, gossamer
a: Dig, Shaft Self, End Transformation, Depart the Abyss, Bend Space, Banish,
Corrupt, Enter the Abyss, Brand Weapon With Distortion, Renounce Religion


Innate Abilities, Weirdness & Mutations

You cannot be hasted, slowed, berserked, paralysed or teleported.
You can dig through walls and to a lower floor.
Your four strong arms can wield two-handed weapons with a shield.
You have a pair of large antennae on your head. (SInv)
You have large cloven feet.
You have a somewhat thin skeletal structure. (Dex +2, Stealth)
You are agile. (Dex +2)
You are resistant to hostile enchantments. (MR+)
You passively map a small area around you.
Your muscles are very strong. (Str +4)


   Skills:
 O Level 27 Fighting
 O Level 27 Axes
 + Level 26.1 Armour
 + Level 15.3 Dodging
 - Level 15.0 Shields
 - Level 16.1 Spellcasting
 - Level 12.0 Charms
 - Level 13.6 Summonings
 - Level 25.0 Necromancy
 - Level 8.0 Translocations
 - Level 25.0 Transmutations
 O Level 27 Invocations


You couldn't memorise any spells.
You knew the following spells:

 Your Spells              Type           Power        Failure   Level  Hunger
a - Passage of Golubria   Tloc           N/A          4%          4    N/A
b - Dispel Undead         Necr           ########     1%          5    N/A
c - Control Undead        Necr           ########..   0%          4    N/A
d - Infestation           Necr           ########..   5%          8    N/A
e - Lesser Beckoning      Tloc           #####.....   1%          3    N/A
f - Borgnjor's Revivific  Necr           ########..   5%          8    N/A
g - Necromutation         Tmut/Necr      ########..   5%          8    N/A
i - Haunt                 Necr/Summ      #######...   4%          7    N/A
q - Apportation           Tloc           #####.       1%          1    N/A
r - Regeneration          Chrm/Necr      #######...   1%          3    N/A
s - Swiftness             Chrm/Air       #####...     1%          2    N/A
x - Aura of Abjuration    Summ           ######....   1%          5    N/A

Skill      XL: |  1  2  3  4  5  6  7  8  9 10 11 12 13 14 15 16 17 18 19 20 21 22 23 24 25 26 27 |
---------------+----------------------------------------------------------------------------------+-----
Axes           | 3 4 5 6 8 9 11 13 15 16 17 19 20 21 23 27 | 27.0
Fighting       | 4 5 6 8 9 11 12 13 14 15 16 17 18 19 20 27 | 27.0
Invocations    | 3 4 5 7 8 10 11 13 14 15 27 | 27.0
Armour         | 3 8 10 11 12 13 15 17 18 20 26 | 26.1
Shields        | 9 14 15 | 15.0
Dodging        | 2 3 5 7 10 15 | 15.3
Spellcasting   | 2 3 4 16 | 16.1
Charms         | 4 8 10 12 | 12.0
Necromancy     | 4 8 10 25 | 25.0
Transmutations | 25 | 25.0
Translocations | 8 |  8.0
Summonings     | 13 | 13.6

Action                   |  1- 3 |  4- 6 |  7- 9 | 10-12 | 13-15 | 16-18 | 19-21 | 22-24 | 25-27 || total
-------------------------+-------+-------+-------+-------+-------+-------+-------+-------+-------++-------
Melee: Hand axe          |   118 |    74 |       |       |       |       |       |       |       ||   192
       War axe           |       |   126 |   304 |   418 |   348 |       |       |       |       ||  1196
       Battleaxe         |       |       |       |   160 |   783 |  1517 |  1360 |  1728 |   227 ||  5775
       Mace              |       |       |       |   111 |   109 |    13 |     7 |       |       ||   240
       Great mace        |       |       |       |     2 |       |       |       |       |       ||     2
       Scythe            |       |       |       |       |       |       |       |    23 |       ||    23
       Executioner's axe |       |       |       |       |       |       |       |       |  9096 ||  9096
 Fire: Shortbow          |       |       |    27 |    60 |   101 |    31 |       |       |       ||   219
Throw: Tomahawk          |       |       |     4 |    22 |     5 |     1 |       |       |       ||    32
       Throwing net      |       |       |       |     1 |     1 |     1 |     8 |    10 |     9 ||    30
 Cast: Regeneration      |       |       |       |       |       |       |       |     1 |   170 ||   171
       Necromutation     |       |       |       |       |       |       |       |       |   196 ||   196
       Lesser Beckoning  |       |       |       |       |       |       |       |       |    40 ||    40
       Infestation       |       |       |       |       |       |       |       |       |    38 ||    38
       Control Undead    |       |       |       |       |       |       |       |       |    14 ||    14
       Aura of Abjuratio |       |       |       |       |       |       |       |       |    13 ||    13
       Apportation       |       |       |       |       |       |       |       |       |     7 ||     7
       Haunt             |       |       |       |       |       |       |       |       |     2 ||     2
       Passage of Golubr |       |       |       |       |       |       |       |       |     2 ||     2
Invok: Banish            |       |       |     3 |     7 |     7 |    26 |    10 |     4 |   111 ||   168
       Bend Space        |       |       |       |     4 |     1 |     2 |     2 |     2 |    35 ||    46
       Depart the Abyss  |       |       |       |     1 |       |       |       |       |       ||     1
       Corrupt           |       |       |       |     1 |       |     2 |     2 |     1 |    15 ||    21
       Enter the Abyss   |       |       |       |       |       |       |       |       |     3 ||     3
 Abil: Dig               |       |     5 |     2 |    10 |    18 |    69 |     6 |    30 |   132 ||   272
       Shaft Self        |       |       |     1 |       |       |       |       |       |     1 ||     2
       End Transformatio |       |       |       |       |       |       |       |       |    10 ||    10
Evoke: Wand              |       |       |       |    24 |    15 |    23 |     6 |     4 |     3 ||    75
       Lamp of fire      |       |       |       |       |       |       |       |       |     3 ||     3
       Phantom mirror    |       |       |       |       |       |       |       |       |    11 ||    11
  Use: Scroll            |       |    10 |     7 |     6 |    10 |     7 |     8 |    17 |    73 ||   138
       Potion            |       |     2 |     1 |     4 |     4 |     6 |     2 |     7 |    39 ||    65
 Stab: Paralysed         |       |       |       |    21 |    10 |       |     2 |       |     1 ||    34
       Distracted        |       |       |       |     1 |       |     4 |     1 |     1 |    40 ||    47
       Petrified         |       |       |       |       |     1 |       |       |       |       ||     1
       Held in net/web   |       |       |       |       |       |     1 |     3 |     9 |     6 ||    19
       Confused          |       |       |       |       |       |       |       |     1 |     1 ||     2
       Invisible         |       |       |       |       |       |       |       |       |    11 ||    11
       Fleeing           |       |       |       |       |       |       |       |       |     1 ||     1
       Betrayed ally     |       |       |       |       |       |       |       |       |     1 ||     1
  Eat: Royal jelly       |     1 |       |     5 |     9 |     6 |     3 |     1 |     4 |    11 ||    40
       Chunk             |       |     7 |     7 |    16 |    23 |    33 |    30 |    24 |    52 ||   192
       Bread ration      |       |       |       |     1 |       |     3 |       |       |    11 ||    15
       Meat ration       |       |       |       |     1 |     5 |     5 |     1 |     2 |    17 ||    31
Armor: Leather armour    |    13 |       |       |       |       |       |       |       |       ||    13
       Ring mail         |    22 |    95 |       |       |       |       |       |       |       ||   117
       Skin              |       |    45 |    27 |     4 |    16 |       |       |       |       ||    92
       Scale mail        |       |     5 |     9 |       |       |       |       |       |       ||    14
       Plate armour      |       |       |   171 |   491 |   396 |   564 |   208 |       |       ||  1830
       Gold dragon scale |       |       |       |       |       |       |    69 |   456 |  2944 ||  3469
Dodge: Dodged            |    57 |    94 |    69 |   242 |   206 |   289 |   156 |   243 |  2264 ||  3620
Block: Shield            |       |       |       |       |   506 |   523 |       |       |       ||  1029
       Large shield      |       |       |       |       |       |   263 |   825 |  1261 |  8638 || 10987
       Reflection        |       |       |       |       |       |       |       |       |    85 ||    85

Inventory:

Hand Weapons
 a - a +9 executioner's axe of electrocution (weapon)
   (You took it off a deep elf death mage on level 3 of the Crypt)
Armour
 g - a +2 pair of gloves of strength (worn)
   (You found it in an ice cave)
 j - a +8 large shield of reflection (worn)
   (You took it off a warmonger in Pandemonium)
 k - the +9 scales of the Dragon King (worn) {rPois rF+ rC+ MR+}
   (You found it on level 5 of the Pits of Slime)

   It protects you from fire.
   It protects you from cold.
   It protects you from poison.
   It affects your resistance to hostile enchantments.
 L - a scarf of cloud immunity (worn)
   (You found it in a labyrinth)
 S - a +2 pair of boots of flying
   (You found it in Pandemonium)
 Z - the +2 pair of boots of the Cuttlefish (worn) {MR++ Dex+2}
   (You bought it in a shop on level 2 of the Elven Halls)

   It affects your dexterity (+2).
   It affects your resistance to hostile enchantments.
Jewellery
 b - the ring "Vyonejov" (right hand) {+Blink rElec rC+ Str+5 SInv}
   (You found it on level 7 of the Iron City of Dis)

   [ring of strength]

   It affects your strength (+5).
   It protects you from cold.
   It insulates you from electricity.
   It lets you see invisible.
   It lets you blink.
 t - the ring "Dyaklymuil" {-Tele rElec rPois Str+6 Dex+2}
   (You found it on level 3 of the Tomb of the Ancients)

   [ring of dexterity]

   It affects your strength (+6).
   It affects your dexterity (+2).
   It insulates you from electricity.
   It protects you from poison.
   It prevents most forms of teleportation.
 C - the ring of Lies {*Tele rC+ Int+3}
   (You found it on level 1 of the Elven Halls)

   [ring of teleportation]

   It may teleport you next to monsters.
   It affects your intelligence (+3).
   It protects you from cold.
 D - the ring of Lucigh {-Tele rN+ Int+3 Stlth+}
   (You bought it in a shop on level 2 of the Orcish Mines)

   [ring of stealth]

   It affects your intelligence (+3).
   It protects you from negative energy.
   It prevents most forms of teleportation.
   It makes you more stealthy.
 N - the ring of Beauty {+Inv rC+ Str+2 Dex+3}
   (You took it off an iron imp on level 7 of the Iron City of Dis)

   [ring of strength]

   It affects your strength (+2).
   It affects your dexterity (+3).
   It protects you from cold.
   It lets you turn invisible.
 O - the ring "Lytwas" {rF+ rN+ Int+4 Stlth+}
   (You took it off a deep elf knight on level 3 of the Elven Halls)

   [ring of stealth]

   It affects your intelligence (+4).
   It protects you from fire.
   It protects you from negative energy.
   It makes you more stealthy.
 P - the amulet "Rexodorph" (around neck) {Faith rElec Str+2 Int+2 Stlth+}
   (You took it off a deep elf death mage on level 3 of the Elven Halls)

   [amulet of faith]

   It allows you to gain divine favour quickly.
   It affects your strength (+2).
   It affects your intelligence (+2).
   It insulates you from electricity.
   It makes you more stealthy.
 Q - a +6 ring of intelligence
   (You bought it in a shop on level 2 of the Depths)
 V - the ring of Telargh (left hand) {rF++ Int+2}
   (You found it on level 7 of Tartarus)

   [ring of intelligence]

   It affects your intelligence (+2).
   It greatly protects you from fire.
Wands
 c - a wand of clouds (2)
   (You found it on level 2 of the Elven Halls)
 d - a wand of digging (4)
   (You found it on level 2 of the Realm of Zot)
 v - a wand of acid (68)
   (You found it on level 5 of the Lair of Beasts)
Scrolls
 f - 2 scrolls of fog
 l - a scroll of brand weapon
 m - 14 scrolls of fear
 o - 15 scrolls of immolation
 r - 22 scrolls of identify
 x - 47 scrolls of remove curse
 y - 2 scrolls of magic mapping
 G - 7 scrolls of enchant weapon
 K - 2 scrolls of holy word
 M - a scroll of silence
 T - 4 scrolls of amnesia
 W - 3 scrolls of summoning
Potions
 h - 2 potions of ambrosia
 n - 6 potions of brilliance
 q - 14 potions of heal wounds
 s - 5 potions of might
 u - 26 potions of mutation
 w - 17 potions of curing
 z - 6 potions of flight
 B - 8 potions of invisibility
 F - 16 potions of lignification
 R - 3 potions of agility
 U - a potion of cancellation
 Y - 3 potions of resistance {rF+ rC+}
Books
 i - a Necronomicon
   (You found it on level 3 of the Crypt)
Miscellaneous
 p - a lamp of fire
   (You found it on level 4 of the Shoals)
 A - a phantom mirror
 E - a fan of gales
   (You found it on level 3 of the Realm of Zot)
 J - the horn of Geryon
   (You took it off Geryon in the Vestibule of Hell)
Comestibles
 e - 3 royal jellies
 I - 25 bread rations You escaped. You worshipped Lugonu. Lugonu was exalted by your worship. You were not hungry. You were a lich. You visited 17 branches of the dungeon, and saw 89 of its levels. You visited Pandemonium 2 times, and saw 22 of its levels. You visited the Abyss 8 times. You visited 1 ziggurat, and saw 12 of its levels. You also visited: Labyrinth, Sewer, Ice Cave and Wizlab. You collected 7235 gold pieces. You spent 3767 gold pieces at shops.

Dungeon Overview and Level Annotations

Branches:
Dungeon (15/15)            Temple (0/1) D:6            Lair (6/6) D:10
 Shoals (4/4) Lair:4       Spider (4/4) Lair:2        Slime (5/5) Lair:6
    Orc (2/2) D:11            Elf (3/3) Orc:2        Vaults (5/5) D:14
  Crypt (3/3) Vaults:2       Tomb (3/3) Crypt:3      Depths (5/5) D:15
   Hell (1/1)                 Dis (7/7) Hell            Geh (7/7) Hell
    Coc (7/7) Hell            Tar (7/7) Hell            Zot (5/5) Depths:5

Altars:
Ashenzari
Dithmenos
Makhleb
Okawaru
Ru
Vehumet
Xom
Yredelemnul
Zin
Beogh
Jiyva
Lugonu

Shops:
D:12 *   D:15 (   Orc:1 ==   Orc:2 *(:?[   Elf:1 %[!   Elf:2 !*!?(   Vaults:2 =
Vaults:4 [   Depths:2 ==}

Portals:
Hell: Depths:1 Depths:2 Depths:3 Depths:4 Depths:5
Abyss: Depths:3 Depths:4 Depths:5
Pandemonium: Depths:1 Depths:3 Depths:4

Annotations:
Lair:3 corrupted
Shoals:2 corrupted
Spider:4 corrupted
Slime:5 corrupted
Vaults:1 corrupted
Vaults:4 corrupted
Vaults:5 corrupted
Crypt:1 1 transporter
Tomb:1 corrupted
Tomb:2 corrupted
Tomb:3 corrupted
Geh:7 corrupted
Tar:7 corrupted
Zot:1 exclusion: 9 oklob plants
Zot:5 corrupted
Abyss:1 Agnes, Donald, Gastronok, Nessos


Message History

You kill the ice devil!
Lugonu accepts your kill.
No target in view!
You start resting.
An orange demon comes into view.
You regained 5 hp, and now have 230/249 hp.
MP restored: 43 You climb upwards.
There is a stone staircase leading down here.
You feel a surge of power!
You extend your transformation's duration.
You now have 35/43 mp.
You sense a monster nearby.
You regained 3 hp, and now have 235/249 hp.
(D) Dungeon (T) Temple (L) Lair (A) Shoals (N) Spider Nest (M) Slime Pits (O) Orcish Mines (E) Elven Halls (V) Vaults (C) Crypt (W) Tomb (U) Depths (H) Hell (I) Dis (G) Gehenna (X) Cocytus (Y) Tartarus (Z) Zot
Where to? (Enter - D:8 @ (x,y), ? - help)
An Orb Guardian comes into view.
You slash the Orb Guardian!
Lightning courses through the Orb Guardian!
You block the Orb Guardian's attack.
You slice the Orb Guardian!! You block the Orb Guardian's attack.
You slice the Orb Guardian!!
The Orb Guardian hits you but does no damage.
You slice the Orb Guardian!!
Lightning courses through the Orb Guardian!
You kill the Orb Guardian!
Lugonu accepts your kill.
An Orb Guardian comes into view.
MP restored: 43
There is an open door here.
Health restored: 249
There is an open door here.
You chop the Orb Guardian into pieces!!!
You block the Orb Guardian's attack.
You closely miss the Orb Guardian.
The Orb Guardian hits you but does no damage.
You block the Orb Guardian's attack.
You closely miss the Orb Guardian.
The Orb Guardian hits you but does no damage.
The Orb Guardian misses you.
You slice the Orb Guardian like a ripe choko!!!!
You kill the Orb Guardian!
Lugonu accepts your kill.
No target in view!
There is a stone staircase leading up here.
You climb upwards.
There is a stone staircase leading down here.
There is an escape hatch in the floor here.
There is an open door here.
There is an open door here.
There is a stone staircase leading up here.
You climb upwards.
There is a stone staircase leading down here.
You feel a surge of power!
You extend your transformation's duration.
You now have 35/43 mp.
There is an open door here.
An ice devil comes into view.
You regained 2 mp, and now have 37/43 mp.
There is an escape hatch in the ceiling here.
You slice the ice devil like a ripe choko!!!
You kill the ice devil!
Lugonu accepts your kill.
No target in view!
No target in view!
A mysterious force pulls you upwards. The hatch slams shut behind you.
There is a stone staircase leading up here.
MP restored: 43 You climb upwards.
There is a stone staircase leading down here.
A red devil comes into view. It is wielding a trident.
You open the red devil like a pillowcase!!!
Lightning courses through the red devil!
You kill the red devil!
Lugonu accepts your kill.
No target in view!
No target in view!
There is a stone staircase leading up here.
You climb upwards.
There is a stone staircase leading down here.
Your transformation is almost over.
There is a stone staircase leading up here.
You feel a surge of power!
You extend your transformation's duration.
You now have 35/43 mp.
You climb upwards.
There is a stone staircase leading down here.
There is a stone staircase leading up here.
You regained 4 mp, and now have 40/43 mp.
You climb upwards.
There is a stone staircase leading down here.
You see here a whip.
There is an open door here.
There is a staircase leading out of the dungeon here.
MP restored: 43 You have escaped!

.............#.#..'..##...# #.
.#########.#.#.#.###.##.### #.
.# ###.#.#...# #.#### #. .#
#.....##### #.#### #####. .#
#.#...# #.##.## #..... .#
###.#.#.# #.##..###.###.
.#####.......#######.##...##.#
#.
.......(÷#.#.#.....#..'.>.##.#
#.
.#####.#.#...#.#L#.#.##...##.#
#. .#
#(#.###.#.....#.##..##### #.
.#####.#.....##...##)##.## #.
.............###'###.##'#####
## .#############
#.....#......# # ##
#####.+......# #
######.#....).# #
#.......####..#
##...##.#....##


There were no monsters in sight!

Notes
Turn   | Place    | Note
-------+----------+-------------------------------------------
     0 | Abyss:1  | theanonym the Formicid Abyssal Knight began the quest for the Orb.
     0 | Abyss:1  | Reached XP level 1. HP: 18/18 MP: 2/2
    14 | D:1      | Escaped the Abyss
   282 | D:1      | Reached XP level 2. HP: 24/24 MP: 3/3
   714 | D:1      | Reached ** piety under Lugonu
   745 | D:1      | Reached XP level 3. HP: 29/30 MP: 4/4
   900 | D:1      | Reached skill level 3 in Axes
  1520 | D:2      | Reached XP level 4. HP: 29/37 MP: 5/5
  1675 | D:2      | Reached skill level 4 in Fighting
  2179 | D:3      | Reached skill level 4 in Axes
  2336 | D:3      | Found a glowing drain.
  2361 | D:3      | Reached XP level 5. HP: 29/42 MP: 6/6
  2449 | Sewer    | Entered a sewer
  2464 | Sewer    | Reached *** piety under Lugonu
  2571 | Sewer    | Noticed Purgy
  2587 | Sewer    | Killed Purgy
  2587 | Sewer    | Reached skill level 5 in Axes
  2587 | Sewer    | Reached XP level 6. HP: 50/50 MP: 7/7
  3078 | D:3      | Noticed Aviak's ghost (amateur TeSu)
  3322 | D:3      | Killed Aviak's ghost
  3322 | D:3      | Reached skill level 5 in Fighting
  3491 | D:4      | Noticed Regeox's ghost (amateur HOFi)
  3520 | D:4      | Killed Regeox's ghost
  3520 | D:4      | Reached skill level 6 in Axes
  3520 | D:4      | Reached skill level 3 in Invocations
  3520 | D:4      | Reached XP level 7. HP: 41/56 MP: 9/9
  4407 | D:5      | Entered Level 5 of the Dungeon
  4488 | D:5      | Reached skill level 4 in Invocations
  4488 | D:5      | Reached XP level 8. HP: 50/64 MP: 11/11
  4501 | D:5      | HP: 32/64 [poisoned by a scorpion]
  4507 | D:5      | HP: 20/64 [poisoned by a scorpion]
  4515 | D:5      | HP: 19/64 [poisoned by a scorpion]
  4523 | D:5      | HP: 19/64 [poisoned by a scorpion]
  4829 | D:5      | HP: 30/64 [acid (5)]
  4857 | D:5      | HP: 22/64 [acid (4)]
  4858 | D:5      | Reached skill level 6 in Fighting
  5236 | D:5      | Reached skill level 7 in Axes
  5889 | D:6      | Reached skill level 5 in Invocations
  6157 | D:6      | Found a staircase to the Ecumenical Temple.
  6173 | D:6      | HP: 30/65 [orc priest/divine providence (15)]
  6176 | D:6      | You fall through a shaft for 2 floors!
  6179 | D:8      | HP: 16/65 [poisoned by a worker ant]
  6187 | D:8      | HP: 16/65 [poisoned by a worker ant]
  6195 | D:8      | HP: 16/65 [poisoned by a worker ant]
  6834 | D:6      | Reached skill level 8 in Axes
  6834 | D:6      | Reached XP level 9. HP: 70/71 MP: 13/13
  6932 | D:6      | Reached skill level 7 in Fighting
  7088 | D:6      | Reached skill level 6 in Invocations
  7193 | D:6      | Noticed Menkaure
  7203 | D:6      | Killed Menkaure
  7247 | D:6      | Reached skill level 9 in Axes
  8007 | D:7      | Learned a level 1 spell: Apportation
  8180 | D:7      | Reached skill level 7 in Invocations
  8261 | D:7      | Reached skill level 8 in Fighting
  8368 | D:7      | Reached XP level 10. HP: 80/80 MP: 15/15
  8373 | D:7      | Reached **** piety under Lugonu
  8850 | D:7      | Found a radiant altar of Vehumet.
  8978 | D:8      | HP: 40/80 [poisoned by a killer bee]
  8983 | D:8      | HP: 32/80 [poisoned by a killer bee]
  8988 | D:8      | HP: 28/80 [poisoned by a killer bee]
  8994 | D:7      | HP: 21/80 [killer bee (3)]
  8997 | D:7      | Reached skill level 10 in Axes
  8999 | D:7      | HP: 14/80 [poisoned by a killer bee]
  9001 | D:7      | HP: 5/80 [killer bee (5)]
  9006 | D:7      | HP: 27/80 [killer bee (7)]
  9011 | D:7      | HP: 19/80 [poisoned by a killer bee]
  9016 | D:7      | HP: 16/80 [poisoned by a killer bee]
  9022 | D:7      | HP: 15/80 [poisoned by a killer bee]
  9028 | D:7      | HP: 14/80 [poisoned by a killer bee]
  9036 | D:7      | HP: 14/80 [poisoned by a killer bee]
 10024 | D:8      | Reached skill level 8 in Invocations
 10695 | D:8      | HP: 33/82 [orc warrior/long sword (10)]
 10697 | D:8      | Reached skill level 9 in Fighting
 10941 | D:8      | Reached skill level 11 in Axes
 11119 | D:9      | Noticed a two-headed ogre
 11122 | D:9      | Banished a two-headed ogre
 11302 | D:9      | HP: 41/83 [poisoned by a killer bee]
 11310 | D:9      | HP: 41/83 [poisoned by a killer bee]
 11317 | D:9      | Reached XP level 11. HP: 41/89 MP: 17/17
 11318 | D:9      | HP: 41/89 [poisoned by a killer bee]
 11646 | D:9      | Found a shattered altar of Ashenzari.
 12099 | D:10     | Entered Level 10 of the Dungeon
 12116 | D:10     | Found a staircase to the Lair.
 12118 | D:10     | Found a sacrificial altar of Ru.
 12139 | D:10     | HP: 40/90 [wraith[Josephine] (10)]
 12153 | D:10     | Reached skill level 12 in Axes
 12342 | D:10     | Reached skill level 10 in Fighting
 12522 | D:10     | Noticed Grum
 12691 | D:10     | HP: 44/90 [killer bee (4)]
 12696 | D:10     | HP: 28/90 [poisoned by a killer bee]
 12702 | D:9      | HP: 24/90 [poisoned by a killer bee]
 12708 | D:9      | HP: 21/90 [poisoned by a killer bee]
 12713 | D:9      | HP: 21/90 [poisoned by a killer bee]
 12720 | D:9      | HP: 20/90 [poisoned by a killer bee]
 12728 | D:9      | HP: 20/90 [poisoned by a killer bee]
 13087 | D:10     | Killed Grum
 13595 | D:10     | Noticed Psyche
 13779 | D:10     | Cast into level 1 of the Abyss (Psyche)
 13872 | D:10     | Escaped the Abyss
 13876 | D:10     | Killed Psyche
 13960 | D:10     | Noticed Josephine
 13971 | D:10     | Killed Josephine
 13971 | D:10     | Reached skill level 13 in Axes
 14122 | D:10     | Noticed Gastronok
 14147 | D:10     | HP: 38/92 [Gastronok (17)]
 14149 | D:10     | Banished Gastronok
 14149 | D:10     | Reached skill level 11 in Fighting
 14399 | D:10     | Noticed a two-headed ogre
 14401 | D:10     | Banished a two-headed ogre
 14570 | D:11     | Noticed Snorg
 14572 | D:11     | Noticed a manticore
 14670 | D:10     | Reached XP level 12. HP: 79/100 MP: 18/18
 14935 | Lair:1   | Entered Level 1 of the Lair of Beasts
 15110 | Lair:1   | HP: 50/100 [blink frog (3)]
 15484 | Lair:1   | HP: 50/100 [crocodile (14)]
 16158 | Lair:1   | HP: 50/100 [poisoned by a black mamba]
 16159 | Lair:1   | Reached skill level 14 in Axes
 16163 | Lair:1   | HP: 45/100 [poisoned by a black mamba]
 16168 | Lair:1   | HP: 41/100 [poisoned by a black mamba]
 16173 | Lair:1   | HP: 40/100 [poisoned by a black mamba]
 16180 | Lair:1   | HP: 39/100 [poisoned by a black mamba]
 16187 | Lair:1   | HP: 38/100 [poisoned by a black mamba]
 16195 | Lair:1   | HP: 38/100 [poisoned by a black mamba]
 16449 | Lair:1   | Identified the +10 mace of Eternal Harmony {holy, rF+ rC+ Int+3} (You found it on level 1 of the Lair of Beasts)
 16548 | Lair:1   | Got a fine lead ring
 16552 | Lair:1   | Identified the ring of Okawaru's Envy {+Blink Dex+4 Stlth+} (You found it on level 1 of the Lair of Beasts)
 16974 | Lair:2   | Found a hole to the Spider Nest.
 17005 | Lair:2   | HP: 50/101 [poisoned by a spiny frog]
 17011 | Lair:2   | HP: 48/101 [poisoned by a spiny frog]
 17018 | Lair:2   | HP: 46/101 [poisoned by a spiny frog]
 17025 | Lair:2   | HP: 46/101 [poisoned by a spiny frog]
 17033 | Lair:2   | HP: 46/101 [poisoned by a spiny frog]
 17607 | Lair:2   | HP: 43/102 [yak (9)]
 17613 | Lair:2   | HP: 36/102 [yak (7)]
 18018 | Lair:2   | Reached skill level 12 in Fighting
 18733 | Lair:3   | Noticed a six-headed hydra
 18744 | Lair:3   | Noticed a death yak
 18745 | Lair:3   | Killed a six-headed hydra
 18747 | Lair:3   | Noticed a death yak
 18783 | Lair:3   | Noticed Rupert
 18834 | Lair:3   | Noticed an eight-headed hydra
 18844 | Lair:3   | Killed an eight-headed hydra
 18844 | Lair:3   | Reached skill level 15 in Axes
 18953 | Lair:3   | Noticed a five-headed hydra
 18962 | Lair:3   | Killed a five-headed hydra
 19094 | Lair:3   | Noticed a death yak
 19094 | Lair:3   | Noticed a death yak
 19094 | Lair:3   | Noticed a death yak
 19094 | Lair:3   | Noticed a death yak
 19103 | Lair:3   | Corrupted Lair:3
 19103 | Lair:3   | Noticed a spatial maelstrom
 19103 | Lair:3   | Noticed a bone dragon
 19103 | Lair:3   | Noticed a vampire mage
 19103 | Lair:3   | Noticed a starcursed mass
 19104 | Lair:3   | Noticed a tentacled starspawn
 19106 | Lair:3   | Killed a death yak
 19108 | Lair:3   | HP: 51/103 [???[Lugonu's corruption] (49)]
 19111 | Lair:3   | Killed a death yak
 19111 | Lair:3   | Killed a death yak
 19112 | Lair:3   | Killed Rupert
 19113 | Lair:3   | Killed a death yak
 19114 | Lair:3   | Killed a death yak
 19119 | Lair:3   | HP: 28/103 [???[Lugonu's corruption] (26)]
 19120 | Lair:3   | Killed a death yak
 19136 | Lair:2   | HP: 10/103 [yak (9)]
 19191 | Lair:2   | HP: 17/103 [yak (6)]
 19210 | Lair:2   | HP: 10/103 [yak (12)]
 19213 | Lair:2   | HP: 4/103 [yak (5)]
 19677 | Lair:3   | Noticed an eight-headed hydra
 19684 | Lair:3   | Killed an eight-headed hydra
 19684 | Lair:3   | Reached skill level 3 in Armour
 19684 | Lair:3   | Reached XP level 13. HP: 65/109 MP: 19/19
 20578 | Lair:4   | Reached skill level 1 in Shields
 20931 | Lair:4   | Noticed an eight-headed hydra
 20941 | Lair:4   | Killed an eight-headed hydra
 20941 | Lair:4   | Reached skill level 2 in Shields
 21037 | Lair:4   | Reached skill level 3 in Shields
 21110 | Lair:4   | Identified a scroll of acquirement
 21336 | Lair:4   | Reached skill level 4 in Shields
 21701 | Lair:4   | Noticed a seven-headed hydra
 21704 | Lair:4   | Banished a seven-headed hydra
 21704 | Lair:4   | Reached skill level 16 in Axes
 21845 | Lair:4   | Found a staircase to the Shoals.
 21867 | Lair:4   | Reached skill level 5 in Shields
 22544 | Lair:5   | Noticed crawlian's ghost (journeyman DEFE)
 22724 | Lair:5   | Noticed a six-headed hydra
 22735 | Lair:5   | Killed a six-headed hydra
 22735 | Lair:5   | Reached skill level 6 in Shields
 22813 | Lair:5   | Noticed 2tc's ghost (journeyman TrMo)
 22839 | Lair:4   | HP: 52/109 [black mamba (9)]
 22844 | Lair:4   | HP: 50/109 [poisoned by a black mamba]
 22849 | Lair:4   | HP: 49/109 [poisoned by a black mamba]
 22854 | Lair:4   | HP: 48/109 [poisoned by a black mamba]
 22861 | Lair:4   | HP: 48/109 [poisoned by a black mamba]
 22869 | Lair:4   | HP: 48/109 [poisoned by a black mamba]
 23093 | Lair:5   | HP: 42/109 [2tc's ghost (36)]
 23375 | Lair:5   | Noticed Nessos
 23380 | Lair:5   | Banished Nessos
 23380 | Lair:5   | Reached skill level 7 in Shields
 23433 | Lair:5   | Noticed Regeox's ghost (journeyman MiFi)
 23638 | D:11     | HP: 80/163 [Snorg (4)]
 23640 | D:11     | Banished Snorg
 23650 | D:11     | Reached skill level 8 in Shields
 23670 | D:11     | HP: 44/109 [yak (11)]
 23685 | D:10     | HP: 45/109 [yak (1)]
 24177 | D:11     | HP: 52/109 [manticore (3)]
 24400 | D:11     | Reached skill level 9 in Shields
 24616 | D:11     | Found a staircase to the Orcish Mines.
 24883 | D:12     | Noticed Azrael
 24888 | D:11     | theanonym: @?azrael
 24888 | D:11     | beem: Azrael (R)
                  | Spd:
    10 | HD: 11   | HP: 74-104
                  | AC/EV: 10/5
                  | Dam: 17
                  | demonic, weapons, items, doors, evil, fly
                  | Res: magic(40), fire+++, damnation, poison, rot, neg+++, torm
                  | Vul: cold, drown, holy
                  | XP: 1258
                  | Sp: b.fire (3d20) [!sil], sticky flame range (3d5) [!sil], fireball (3d20) [!sil], hurl damnation (3d20) [!sil], call down
 24888 | D:11     | beem: damnation (3d15) [!sil, emergency]
                  | Sz: Large
                  | Int: human.
 24994 | D:11     | Killed Azrael
 25246 | D:12     | Reached XP level 14. HP: 105/116 MP: 20/20
 25318 | D:12     | Reached skill level 9 in Invocations
 25322 | D:12     | Reached skill level 4 in Armour
 25386 | D:12     | Noticed Kirke
 25404 | D:12     | theanonym: @?kirke
 25404 | D:12     | beem: Kirke (@)
                  | Spd:
    10 | HD: 16   | HP: 85-133
                  | AC/EV: 0/10
                  | Dam: 18
                  | weapons, items, doors, spellcaster, see invisible
                  | Res: magic(100)
                  | XP: 2108
                  | Sp: porkalator, slow, monstrous menagerie, invisibility [emergency]
                  | Sz: Medium
                  | Int: human.
 25416 | D:12     | Killed Kirke
 25621 | D:12     | Reached ***** piety under Lugonu
 25977 | D:12     | Reached skill level 10 in Invocations
 26118 | D:12     | Reached skill level 5 in Armour
 26123 | D:12     | Reached skill level 13 in Fighting
 26482 | D:12     | Found Qazej's General Store.
 26493 | D:12     | HP: 59/118 [slime creature (3)]
 26528 | D:11     | HP: 48/118 [slime creature (13)]
 26542 | D:11     | HP: 33/118 [slime creature (2)]
 27138 | D:12     | Noticed Fannar
 27167 | D:12     | Killed Fannar
 27740 | D:13     | Reached skill level 6 in Armour
 27781 | D:13     | Found a shadowy altar of Dithmenos.
 28787 | D:14     | Reached skill level 7 in Armour
 29247 | Lair:5   | HP: 54/118 [Regeox's ghost (16)]
 29750 | Lair:5   | Killed Regeox's ghost
 29813 | Lair:5   | Reached skill level 8 in Armour
 29813 | Lair:5   | Reached XP level 15. HP: 66/125 MP: 22/22
 29813 | Lair:5   | HP: 59/125 [blink frog (8)]
 29819 | Lair:5   | HP: 45/125 [blink frog (7)]
 30122 | Lair:5   | Killed 2tc's ghost
 30827 | Lair:5   | Killed crawlian's ghost
 31111 | Lair:6   | Entered Level 6 of the Lair of Beasts
 31186 | Lair:5   | HP: 62/125 [black mamba (3)]
 31192 | Lair:5   | HP: 38/125 [poisoned by a black mamba]
 31199 | Lair:5   | HP: 37/125 [poisoned by a black mamba]
 31206 | Lair:5   | HP: 37/125 [poisoned by a black mamba]
 31214 | Lair:5   | HP: 38/125 [poisoned by a black mamba]
 31941 | Lair:5   | HP: 58/125 [crocodile (5)]
 31943 | Lair:5   | Reached skill level 17 in Axes
 31943 | Lair:5   | Reached skill level 14 in Fighting
 31995 | Lair:5   | HP: 61/126 [spiny frog (1)]
 32305 | Lair:6   | Found a viscous altar of Jiyva.
 32432 | Lair:6   | Reached skill level 9 in Armour
 32483 | Lair:6   | Reached ****** piety under Lugonu
 32907 | Lair:6   | Found a staircase to the Slime Pits.
 34870 | Lair:6   | HP: 62/127 [manticore (5)]
 35295 | Lair:6   | Reached skill level 10 in Armour
 35838 | Orc:1    | Entered Level 1 of the Orcish Mines
 36028 | Orc:1    | Found Qeint's Jewellery Shop.
 36029 | Orc:1    | Found Nesarph's Jewellery Shoppe.
 36124 | Orc:2    | Entered Level 2 of the Orcish Mines
 36124 | Orc:2    | Found a labyrinth entrance.
 36129 | Orc:2    | Noticed an orc warlord
 36133 | Lab      | Entered a labyrinth
 36650 | Orc:2    | Banished an orc warlord
 36661 | Orc:1    | HP: 53/127 [two-headed ogre/giant spiked club (16)]
 36665 | Orc:1    | Reached XP level 16. HP: 52/134 MP: 20/23
 37024 | Orc:2    | Reached skill level 18 in Axes
 37089 | Orc:2    | Found Xiulup's Book Boutique.
 37111 | Orc:2    | Found a staircase to the Elven Halls.
 37284 | Orc:2    | Found Icis's Magic Scroll Boutique.
 37331 | Orc:2    | HP: 64/134 [ettin/dire flail (30)]
 37632 | Orc:2    | Found Engairel's Antique Armour Emporium.
 37641 | Orc:2    | Found a shimmering altar of Xom.
 37887 | Orc:2    | Found Pumaum's Antique Weapon Shop.
 38076 | Orc:2    | HP: 55/134 [cyclops (19)]
 38926 | Orc:2    | Found Atsemuz's General Store.
 38934 | Orc:2    | Bought a scroll of silence for 97 gold pieces
 39090 | Orc:2    | Found a roughly hewn altar of Beogh.
 39170 | Orc:2    | Bought a scroll of holy word for 112 gold pieces
 39170 | Orc:2    | Bought a scroll of fear for 52 gold pieces
 39294 | Spider:1 | Entered Level 1 of the Spider Nest
 39556 | Spider:1 | Noticed Agnes
 39563 | Spider:1 | HP: 62/134 [Agnes/vampiric lajatang (26)]
 39564 | Spider:1 | Banished Agnes
 39572 | Spider:1 | HP: 63/134 [redback (1)]
 39579 | Spider:1 | HP: 61/134 [tarantella (3)]
 39584 | Spider:1 | HP: 55/134 [tarantella (4)]
 39774 | Lair:2   | HP: 66/134 [wolf spider (8)]
 39779 | Lair:2   | HP: 59/134 [poisoned by a wolf spider]
 39784 | Lair:2   | HP: 53/134 [poisoned by a wolf spider]
 39789 | Lair:2   | HP: 50/134 [poisoned by a wolf spider]
 39794 | Lair:2   | HP: 48/134 [poisoned by a wolf spider]
 39800 | Lair:2   | HP: 46/134 [poisoned by a wolf spider]
 39806 | Lair:2   | HP: 46/134 [poisoned by a wolf spider]
 39814 | Lair:2   | HP: 47/134 [poisoned by a wolf spider]
 40107 | Spider:1 | Reached skill level 15 in Fighting
 40188 | Spider:1 | Noticed Donald
 40212 | Spider:1 | HP: 68/136 [Donald/long sword of freezing (1)]
 40214 | Spider:1 | Banished Donald
 40857 | Spider:1 | Reached skill level 11 in Armour
 40943 | Spider:1 | HP: 68/136 [poisoned by a wolf spider]
 40948 | Spider:1 | HP: 61/136 [poisoned by a wolf spider]
 40953 | Spider:1 | HP: 58/136 [poisoned by a wolf spider]
 40958 | Spider:1 | HP: 55/136 [poisoned by a wolf spider]
 40964 | Spider:1 | HP: 54/136 [poisoned by a wolf spider]
 40970 | Spider:1 | HP: 54/136 [poisoned by a wolf spider]
 40978 | Spider:1 | HP: 55/136 [poisoned by a wolf spider]
 44298 | Spider:3 | Reached skill level 19 in Axes
 44538 | Spider:3 | HP: 54/136 [disintegration (25)]
 44810 | Spider:3 | Reached XP level 17. HP: 138/142 MP: 24/24
 45899 | Spider:3 | Reached skill level 12 in Armour
 46649 | Spider:4 | Entered Level 4 of the Spider Nest
 47010 | Spider:4 | Reached skill level 16 in Fighting
 48380 | Shoals:1 | Entered Level 1 of the Shoals
 48909 | Shoals:1 | Reached skill level 20 in Axes
 48934 | Shoals:1 | Reached skill level 1 in Dodging
 49365 | Shoals:1 | Reached skill level 2 in Dodging
 49541 | Shoals:1 | Reached XP level 18. HP: 143/153 MP: 25/25
 49676 | Shoals:1 | Reached skill level 13 in Armour
 49929 | Shoals:2 | Corrupted Shoals:2
 49932 | Shoals:2 | HP: 75/153 [merfolk/trident (13)]
 49937 | Shoals:2 | HP: 72/153 [small abomination[Lugonu's corruption] (4)]
 50762 | Shoals:2 | Reached skill level 3 in Dodging
 51620 | Shoals:3 | Found a runed door.
 52132 | Shoals:3 | Reached skill level 10 in Shields
 52802 | Shoals:3 | HP: 67/153 [merfolk impaler/vampiric trident (11)]
 52810 | Shoals:3 | HP: 25/153 [merfolk javelineer/javelin of penetration (16)]
 53206 | Shoals:3 | Reached skill level 11 in Shields
 53995 | Spider:4 | Corrupted Spider:4
 53998 | Spider:4 | Noticed a bone dragon
 54195 | Spider:4 | Got a gossamer rune of Zot
 54531 | D:14     | Reached skill level 12 in Shields
 54827 | D:14     | Found a gate to the Vaults.
 54991 | D:15     | Entered Level 15 of the Dungeon
 54991 | D:15     | Found Nacur's Antique Weapon Shoppe.
 55097 | D:15     | Found a staircase to the Depths.
 55153 | D:15     | Found a glowing silver altar of Zin.
 55184 | D:15     | Reached skill level 13 in Shields
 56080 | Vaults:1 | Entered Level 1 of the Vaults
 56183 | Vaults:1 | Reached skill level 14 in Shields
 56254 | Vaults:1 | Reached XP level 19. HP: 159/159 MP: 26/26
 56813 | Vaults:1 | HP: 74/159 [vault warden/long sword of freezing (42)]
 56819 | Vaults:1 | Reached skill level 15 in Shields
 57358 | Vaults:1 | Reached skill level 17 in Fighting
 57587 | Vaults:1 | Reached skill level 14 in Armour
 57943 | Vaults:1 | Corrupted Vaults:1
 57946 | Vaults:1 | Noticed a lich
 58189 | Vaults:1 | Found a burning altar of Makhleb.
 58355 | Vaults:1 | Identified Rischa Celu's Handbook of the Spatial Birds
 58363 | Vaults:1 | Learned a level 4 spell: Passage of Golubria
 58620 | Vaults:1 | HP: 80/161 [white very ugly thing (20)]
 58633 | Vaults:1 | Reached skill level 15 in Armour
 59225 | Vaults:2 | Found Xawusi's Jewellery Emporium.
 59235 | Vaults:2 | Bought an uncursed amulet of regeneration for 450 gold pieces
 59943 | Vaults:2 | Found a staircase to the Crypt.
 60011 | Vaults:2 | Reached XP level 20. HP: 87/170 MP: 27/27
 60012 | Vaults:2 | HP: 79/170 [yaktaur[a vault warden] (10)]
 60273 | Vaults:2 | Reached skill level 4 in Dodging
 60996 | Vaults:3 | Reached skill level 16 in Armour
 61154 | Vaults:3 | Reached skill level 18 in Fighting
 61207 | Vaults:3 | Reached skill level 5 in Dodging
 61480 | Vaults:3 | Reached skill level 11 in Invocations
 61839 | Vaults:3 | theanonym: ??zin
 61839 | Vaults:3 | beem: zin[1/3]: Zin gives mutation resistance (growing to immunity at max piety), {recite} (enchantment-type effects on enemies), {vitalisation} (protection from debuffs), {imprison} (tomb other), {sanctuary} (creates a temporary attack-free zone), and passive lifesaving. At ****** you can get all your mutations cured (only once). Dislikes transmutations.
 61839 | Vaults:3 | theanonym: ??zin[2
 61839 | Vaults:3 | beem: zin[2/3]: Gives half piety for gold collected in the Orcish Mines.
 61839 | Vaults:3 | theanonym: ??zin[3
 61839 | Vaults:3 | beem: zin[3/3]: roses are red / violets are blue / dying with zin / is hard to do
 62005 | Vaults:3 | HP: 65/170 [flayed ghost/flay_damage (25)]
 62566 | Vaults:4 | Reached skill level 17 in Armour
 62673 | Vaults:4 | Reached XP level 21. HP: 143/178 MP: 24/29
 62688 | Vaults:4 | HP: 83/178 [deep troll (8)]
 62854 | Vaults:4 | Reached skill level 12 in Invocations
 62925 | Vaults:4 | HP: 82/178 [necromancer/bolt of fire (9)]
 62931 | Vaults:4 | HP: 84/178 [tengu reaver zombie[a necromancer] (1)]
 62943 | Vaults:4 | HP: 86/178 [vault warden zombie[a necromancer] (5)]
 62951 | Vaults:4 | HP: 79/178 [frost giant skeleton[a necromancer] (10)]
 63281 | Vaults:4 | Corrupted Vaults:4
 63283 | Vaults:4 | HP: 87/178 [hell knight/bolt of fire (4)]
 63288 | Vaults:4 | Killed Sojobo
 63745 | Vaults:4 | Found Nutteib's Antique Armour Shop.
 63936 | Vaults:4 | Noticed a golden dragon
 63943 | Vaults:4 | Found the +8 glaive of the Guard {elec, +Rage AC+5 SInv}
 63951 | Vaults:4 | Killed a golden dragon
 64179 | Vaults:4 | Reached skill level 18 in Armour
 64648 | Vaults:4 | Reached skill level 13 in Invocations
 64795 | Vaults:4 | Reached skill level 19 in Fighting
 65081 | Elf:1    | Entered Level 1 of the Elven Halls
 65231 | Elf:1    | Got a warped golden ring
 65317 | Orc:2    | Bought the ring of Lucigh {-Tele rN+ Int+3 Stlth+} for 382 gold pieces
 65475 | Elf:1    | Found Couhuuf's Food Shoppe.
 65877 | Elf:1    | Reached XP level 22. HP: 135/187 MP: 32/32
 65966 | Elf:1    | Found Kumerghu's Distillery.
 65969 | Elf:1    | Bought a potion of heal wounds for 90 gold pieces
 66159 | Elf:1    | Found Riokueta's Armour Emporium.
 66677 | Elf:2    | Reached skill level 19 in Armour
 66820 | Elf:2    | Found Fylel's Distillery.
 66830 | Elf:2    | Bought a potion of curing for 42 gold pieces
 66830 | Elf:2    | Bought a potion of heal wounds for 70 gold pieces
 66830 | Elf:2    | Bought 2 potions of might for 112 gold pieces
 66830 | Elf:2    | Bought a potion of invisibility for 112 gold pieces
 66832 | Elf:2    | Found Neodydod's Assorted Antiques.
 66855 | Elf:2    | Bought a pair of heavily runed boots for 323 gold pieces
 66855 | Elf:2    | Identified the +2 pair of boots of the Cuttlefish {MR++ Dex+2} (You bought it in a shop on level 2 of the Elven Halls)
 66856 | Elf:2    | Identified the ring of Lies {*Tele rC+ Int+3} (You found it on level 1 of the Elven Halls)
 66913 | Elf:2    | Found Faeluq's Distillery.
 66917 | Elf:2    | Bought a potion of resistance for 170 gold pieces
 67017 | Elf:2    | Found Butwan's Weapon Shop.
 67150 | Elf:2    | Found a runed gate.
 67150 | Elf:2    | Found a runed gate.
 67150 | Elf:2    | Found a runed gate.
 67212 | Elf:2    | Found Myerr's Magic Scroll Boutique.
 67235 | Elf:2    | Bought a scroll of magic mapping for 56 gold pieces
 67736 | Elf:2    | Reached skill level 14 in Invocations
 68078 | Elf:3    | Entered Level 3 of the Elven Halls
 68087 | Elf:3    | Found a magical portal.
 68112 | WizLab   | Entered Cigotuvi's Fleshworks
 68544 | WizLab   | Got a pitted lead amulet
 68545 | WizLab   | Identified the amulet of the Firefly {+Blink +Inv MR- Regen+ Slay+5} (You found it in a wizard's laboratory)
 68893 | WizLab   | Reached skill level 20 in Armour
 69017 | WizLab   | Corrupted WizLab
 69116 | WizLab   | Identified Cigotuvi's Guide on Evil Transformation
 69124 | WizLab   | Identified the Guide on Transformation
 69126 | WizLab   | Identified the Almanac of Shape Shifting
 69624 | Elf:3    | Gained mutation: Armour fits poorly on your strangely shaped body. [potion of mutation]
 69624 | Elf:3    | Gained mutation: You are weak. (Str -2) [potion of mutation]
 69624 | Elf:3    | Gained mutation: Scrolls take you a little longer to read. [potion of mutation]
 69624 | Elf:3    | Gained mutation: Your spells are a little harder to cast, but a little more powerful. [potion of mutation]
 69625 | Elf:3    | Lost mutation: Armour fits poorly on your strangely shaped body. [potion of mutation]
 69625 | Elf:3    | Lost mutation: Scrolls take you a little longer to read. [potion of mutation]
 69625 | Elf:3    | Gained mutation: Your magical capacity is low. (-10% MP) [potion of mutation]
 69625 | Elf:3    | Gained mutation: Your flesh is heat resistant. (rF+) [potion of mutation]
 69626 | Elf:3    | Lost mutation: You are weak. (Str -2) [potion of mutation]
 69626 | Elf:3    | Lost mutation: Your flesh is heat resistant. (rF+) [potion of mutation]
 69626 | Elf:3    | Lost mutation: Your magical capacity is low. (-10% MP) [potion of mutation]
 69626 | Elf:3    | Lost mutation: Your spells are a little harder to cast, but a little more powerful. [potion of mutation]
 69626 | Elf:3    | Gained mutation: Your spells are a little easier to cast, but a little less powerful. [potion of mutation]
 69626 | Elf:3    | Gained mutation: You are clumsy. (Dex -2) [potion of mutation]
 69626 | Elf:3    | Gained mutation: You have large cloven feet. [potion of mutation]
 69626 | Elf:3    | Gained mutation: You passively map a small area around you. [potion of mutation]
 69627 | Elf:3    | Lost mutation: Your spells are a little easier to cast, but a little less powerful. [potion of mutation]
 69627 | Elf:3    | Lost mutation: You are clumsy. (Dex -2) [potion of mutation]
 69627 | Elf:3    | Gained mutation: You are dopey. (Int -2) [potion of mutation]
 69627 | Elf:3    | Gained mutation: Your spells are a little harder to cast, but a little more powerful. [potion of mutation]
 69628 | Elf:3    | Lost mutation: You are dopey. (Int -2) [potion of mutation]
 69628 | Elf:3    | Gained mutation: Your muscles are strong. (Str +2) [potion of mutation]
 69628 | Elf:3    | Gained mutation: Your muscles are very strong. (Str +4) [potion of mutation]
 69628 | Elf:3    | Gained mutation: You are agile. (Dex +2) [potion of mutation]
 69681 | Elf:3    | Reached XP level 23. HP: 196/196 MP: 34/34
 69747 | Elf:3    | Reached skill level 15 in Invocations
 69757 | Elf:3    | Reached skill level 20 in Fighting
 69835 | Elf:3    | Noticed Mara
 69860 | Elf:3    | Killed Mara
 69961 | Elf:3    | Reached skill level 6 in Dodging
 70003 | Elf:3    | Got a warped wooden ring
 70216 | Elf:3    | Identified the ring "Lytwas" {rF+ rN+ Int+4 Stlth+} (You took it off a deep elf knight on level 3 of the Elven Halls)
 70218 | Elf:3    | Identified the +8 scythe "Niunum" {holy, rPois Str+4} (You took it off a deep elf high priest on level 3 of the Elven Halls)
 70249 | Elf:3    | Got a scintillating tin amulet
 70297 | Elf:3    | Learned a level 3 spell: Regeneration
 70299 | Elf:3    | Identified the amulet "Rexodorph" {Faith rElec Str+2 Int+2 Stlth+} (You took it off a deep elf death mage on level 3 of the Elven Halls)
 70310 | Elf:3    | Learned a level 4 spell: Control Undead
 70389 | Elf:3    | Got a smoking emerald amulet
 70393 | Elf:3    | Identified the amulet "Qux Gej" {Regen+ Int+3} (You found it on level 3 of the Elven Halls)
 70457 | Elf:3    | Learned a level 5 spell: Aura of Abjuration
 70596 | Elf:3    | Identified the cursed +2 demon trident of Fedhas's Reproof {pain, rN+ Int+3} (You found it on level 3 of the Elven Halls)
 70652 | Elf:3    | Reached skill level 1 in Spellcasting
 70652 | Elf:3    | Reached skill level 1 in Charms
 70652 | Elf:3    | Reached skill level 1 in Necromancy
 70955 | Shoals:4 | Entered Level 4 of the Shoals
 71040 | Shoals:4 | Found a frozen archway.
 71054 | IceCv    | Entered an ice cave
 71308 | IceCv    | Reached skill level 2 in Spellcasting
 71322 | IceCv    | Reached skill level 2 in Necromancy
 71334 | IceCv    | Reached skill level 2 in Charms
 71594 | Shoals:4 | Reached skill level 7 in Dodging
 71636 | Shoals:4 | Noticed rabbitfr's ghost (adept SpEn)
 71682 | Shoals:4 | Killed rabbitfr's ghost
 71773 | Shoals:4 | Noticed Ilsuiw
 71792 | Shoals:4 | Killed Ilsuiw
 71792 | Shoals:4 | Reached skill level 3 in Necromancy
 71799 | Shoals:4 | Reached skill level 3 in Charms
 71800 | Shoals:4 | HP: 94/198 [merfolk javelineer/javelin (8)]
 72354 | Shoals:4 | Reached skill level 4 in Charms
 72354 | Shoals:4 | Reached skill level 4 in Necromancy
 72403 | Shoals:4 | Reached XP level 24. HP: 181/205 MP: 34/34
 72428 | Shoals:4 | Got a barnacled rune of Zot
 73080 | Depths:1 | Entered Level 1 of the Depths
 73171 | Depths:1 | Found a gateway to Hell.
 73182 | Depths:1 | Reached skill level 8 in Dodging
 73238 | Depths:1 | Reached skill level 5 in Charms
 73241 | Depths:1 | Reached skill level 5 in Necromancy
 73361 | Depths:1 | HP: 102/205 [poisoned by a green very ugly thing]
 73366 | Depths:1 | HP: 80/205 [poisoned by a green very ugly thing]
 73367 | Depths:1 | Reached skill level 3 in Spellcasting
 73371 | Depths:1 | HP: 68/205 [poisoned by a green very ugly thing]
 73377 | Depths:1 | HP: 77/205 [slime creature (1)]
 74032 | Depths:1 | Reached skill level 6 in Charms
 74032 | Depths:1 | Reached skill level 6 in Necromancy
 74043 | Depths:1 | Noticed Saint Roka
 74085 | Depths:1 | Killed Saint Roka
 74399 | Depths:1 | Found a one-way gate leading to the halls of Pandemonium.
 74474 | Depths:1 | Reached skill level 9 in Dodging
 74960 | Depths:2 | Found Ciner's Jewellery Boutique.
 74962 | Depths:2 | Found Ipaogrib's Gadget Shoppe.
 74963 | Depths:2 | Found Zeomano's Jewellery Boutique.
 75036 | Depths:2 | Found an iron altar of Okawaru.
 75065 | Depths:2 | Reached skill level 7 in Charms
 75065 | Depths:2 | Reached skill level 7 in Necromancy
 75382 | Depths:2 | HP: 93/205 [orc knight/enchanted battleaxe (14)]
 75416 | Depths:2 | HP: 68/205 [yaktaur captain (5)]
 75445 | Depths:2 | Got a scorched executioner's axe {drain}
 75446 | Depths:2 | Identified the +3 executioner's axe of Causality {drain, *Contam +Blink rF+ Dex+4} (You took it off an orc knight on level 2 of the Depths)
 75975 | Depths:3 | Found a one-way gate to the infinite horrors of the Abyss.
 76140 | Depths:3 | Reached skill level 8 in Necromancy
 76144 | Depths:3 | Reached skill level 8 in Charms
 76449 | Depths:3 | Reached skill level 10 in Dodging
 76542 | Depths:3 | Reached XP level 25. HP: 212/212 MP: 34/34
 76779 | Depths:3 | Reached skill level 9 in Charms
 76779 | Depths:3 | Reached skill level 9 in Necromancy
 76927 | Depths:3 | Noticed a caustic shrike
 76939 | Depths:3 | Banished a caustic shrike
 76946 | Depths:3 | Noticed a caustic shrike
 76958 | Depths:3 | Banished a caustic shrike
 76958 | Depths:3 | Reached skill level 4 in Spellcasting
 77471 | Depths:3 | HP: 96/212 [ettin/dire flail (19)]
 77509 | Depths:3 | Reached skill level 10 in Necromancy
 77512 | Depths:3 | Identified the +6 bardiche of the Valley {chop, rN+} (You took it off a hell knight on level 3 of the Depths)
 77516 | Depths:3 | Reached skill level 10 in Charms
 77998 | Depths:3 | Noticed a caustic shrike
 78000 | Depths:3 | Noticed a caustic shrike
 78004 | Depths:3 | Killed a caustic shrike
 78005 | Depths:3 | Noticed a caustic shrike
 78007 | Depths:3 | Killed a caustic shrike
 78014 | Depths:3 | Killed a caustic shrike
 78822 | Depths:4 | Reached skill level 21 in Axes
 78907 | Depths:4 | Found a gateway to a ziggurat.
 79187 | Depths:4 | Found a corrupted altar of Lugonu.
 79487 | Depths:4 | Reached XP level 26. HP: 149/219 MP: 31/34
 79525 | Depths:4 | Got a glittering amethyst amulet
 79526 | Depths:4 | Identified the amulet "Xehytiq" {+Inv rPois Regen+} (You found it on level 4 of the Depths)
 79570 | Depths:4 | HP: 103/219 [flayed ghost/flay_damage (37)]
 79639 | Depths:4 | Reached skill level 22 in Axes
 79742 | Depths:5 | Entered Level 5 of the Depths
 79892 | Depths:5 | Noticed a juggernaut
 79916 | Depths:5 | Killed a juggernaut
 80187 | Depths:5 | Reached skill level 23 in Axes
 80623 | Depths:5 | Found a gate to the Realm of Zot.
 81447 | Crypt:1  | Entered Level 1 of the Crypt
 81644 | Crypt:1  | Reached XP level 27. HP: 213/225 MP: 34/34
 81930 | Crypt:1  | Reached skill level 24 in Axes
 82201 | Crypt:1  | Found a transporter.
 83298 | Crypt:3  | Entered Level 3 of the Crypt
 83424 | Crypt:3  | Found a basalt altar of Yredelemnul.
 83603 | Crypt:3  | Reached skill level 25 in Axes
 83622 | Crypt:3  | Identified the Incunabulum of Dusty Black Arts
 83631 | Crypt:3  | Learned a level 5 spell: Dispel Undead
 83677 | Crypt:3  | HP: 92/225 [flayed ghost/flay_damage (36)]
 83753 | Crypt:3  | Noticed an ancient lich
 83769 | Crypt:3  | Killed an ancient lich
 83788 | Crypt:3  | Found a staircase to the Tomb.
 84006 | Crypt:3  | Learned a level 8 spell: Necromutation
 84754 | Vaults:5 | Entered Level 5 of the Vaults
 84922 | Vaults:5 | Noticed Bai Suzhen
 84964 | Vaults:5 | Corrupted Vaults:5
 84964 | Vaults:5 | HP: 103/226 [tengu reaver/broad axe (11)]
 84972 | Vaults:5 | HP: 106/226 [poisoned by a tengu reaver (bolt of poison)]
 84977 | Vaults:5 | HP: 105/226 [poisoned by a tengu reaver (bolt of poison)]
 84982 | Vaults:5 | HP: 96/226 [poisoned by a tengu reaver (bolt of poison)]
 84987 | Vaults:5 | HP: 91/226 [poisoned by a tengu reaver (bolt of poison)]
 84992 | Vaults:5 | HP: 81/226 [poisoned by a tengu reaver (bolt of poison)]
 84997 | Vaults:5 | HP: 81/226 [poisoned by a tengu reaver (bolt of poison)]
 85000 | Vaults:5 | Killed Bai Suzhen
 85000 | Vaults:5 | Reached skill level 26 in Axes
 85002 | Vaults:5 | HP: 81/226 [poisoned by a tengu reaver (bolt of poison)]
 85008 | Vaults:5 | HP: 86/226 [poisoned by a tengu reaver (bolt of poison)]
 85013 | Vaults:5 | HP: 92/226 [poisoned by a tengu reaver (bolt of poison)]
 85020 | Vaults:5 | HP: 92/226 [eight-headed hydra (glowing shapeshifter) (8)]
 85025 | Vaults:5 | Got a silver rune of Zot
 85026 | Vaults:5 | Noticed Jory
 85026 | Vaults:5 | HP: 93/226 [poisoned by a tengu reaver (bolt of poison)]
 85032 | Vaults:5 | HP: 95/226 [poisoned by Jory]
 85037 | Vaults:5 | HP: 99/226 [poisoned by Jory]
 85042 | Vaults:5 | HP: 99/226 [poisoned by Jory]
 85046 | Vaults:5 | Noticed Xtahua
 85047 | Vaults:5 | HP: 96/226 [poisoned by Jory]
 85048 | Vaults:5 | Killed Jory
 85052 | Vaults:5 | HP: 44/226 [Xtahua (10)]
 85055 | Vaults:5 | Killed Xtahua
 85059 | Vaults:5 | HP: 75/227 [poisoned by Jory]
 85065 | Vaults:5 | HP: 76/227 [poisoned by Jory]
 85073 | Vaults:5 | HP: 86/227 [poisoned by Jory]
 85280 | Vaults:5 | Reached skill level 11 in Dodging
 85345 | Vaults:5 | Reached skill level 21 in Fighting
 85733 | Vaults:5 | Reached skill level 12 in Dodging
 85998 | Vaults:5 | Noticed an ancient lich
 86006 | Vaults:5 | Killed an ancient lich
 86498 | Vaults:5 | Learned a level 3 spell: Lesser Beckoning
 86684 | Vaults:5 | Identified the Compendium of Calling and Lightness
 86817 | Vaults:5 | Reached skill level 22 in Fighting
 86835 | Vaults:5 | Reached skill level 13 in Dodging
 86926 | Vaults:5 | Identified Sif Muna's Volume of Shifting Creation
 86973 | Vaults:5 | Identified the Reference Book on Poisonous Malediction
 87512 | D:12     | Bought a scroll of immolation for 56 gold pieces
 87512 | D:12     | Bought a scroll of identify for 32 gold pieces
 87512 | D:12     | Bought a scroll of enchant weapon for 120 gold pieces
 87712 | Depths:3 | Voluntarily entered the Abyss.
 88177 | Abyss:3  | Found a corrupted altar of Lugonu.
 88232 | Abyss:3  | Reached skill level 5 in Spellcasting
 88327 | Abyss:3  | Gained mutation: Scrolls take you a little longer to read. [a neqoxec]
 88330 | Abyss:3  | Got an abyssal rune of Zot
 88359 | Depths:3 | Escaped the Abyss
 88695 | Depths:2 | Bought an uncursed ring of resist corrosion for 380 gold pieces
 89033 | Slime:1  | Entered Level 1 of the Pits of Slime
 89065 | Slime:1  | Reached skill level 11 in Necromancy
 89074 | Slime:1  | Reached skill level 11 in Charms
 89181 | Slime:5  | Entered Level 5 of the Pits of Slime
 89295 | Slime:5  | Found a viscous altar of Jiyva.
 89296 | Slime:5  | Noticed the Royal Jelly
 89324 | Slime:5  | HP: 107/231 [the Royal Jelly (12)]
 89329 | Slime:5  | HP: 95/230 [acid[the Royal Jelly] (8)]
 89349 | Slime:5  | HP: 109/231 [acid (2)]
 89353 | Slime:5  | Killed the Royal Jelly
 89353 | Slime:5  | Reached skill level 12 in Charms
 89353 | Slime:5  | Reached skill level 12 in Necromancy
 89354 | Slime:5  | Corrupted Slime:5
 89354 | Slime:5  | HP: 103/231 [acid blob/splash of acid[the Royal Jelly] (3)]
 89505 | Slime:5  | Found the +9 scales of the Dragon King {rPois rF+ rC+ MR+}
 89532 | Slime:5  | Got a slimy rune of Zot
 89545 | Slime:5  | Identified Zedug's Disquisition on Boosting Hexes
 89596 | Slime:5  | Identified the +7 arbalest "Xinuur" {venom, MR+} (You found it on level 5 of the Pits of Slime)
 90090 | Zot:1    | Entered Level 1 of the Realm of Zot
 90126 | Zot:1    | Reached skill level 1 in Transmutations
 90161 | Zot:1    | Reached skill level 2 in Transmutations
 90310 | Zot:1    | Reached skill level 3 in Transmutations
 90385 | Zot:1    | Reached skill level 4 in Transmutations
 91244 | Zot:2    | Reached skill level 5 in Transmutations
 91338 | Zot:2    | Reached skill level 13 in Necromancy
 91351 | Zot:2    | Reached skill level 6 in Transmutations
 91760 | Zot:2    | Reached skill level 7 in Transmutations
 92154 | Zot:3    | Reached skill level 23 in Fighting
 92170 | Zot:3    | Reached skill level 8 in Transmutations
 92386 | Zot:3    | Reached skill level 14 in Necromancy
 92540 | Zot:3    | Reached skill level 9 in Transmutations
 93571 | Zot:4    | Found a shimmering altar of Xom.
 93614 | Zot:4    | Reached skill level 10 in Transmutations
 93712 | Zot:4    | HP: 104/236 [??? (82)]
 93954 | Zot:4    | Reached skill level 15 in Necromancy
 94190 | Zot:5    | Entered Level 5 of the Realm of Zot
 94272 | Zot:5    | Reached skill level 11 in Transmutations
 94569 | Zot:5    | Noticed an ancient lich
 94576 | Zot:5    | Killed an ancient lich
 94585 | Zot:5    | Reached skill level 24 in Fighting
 94943 | Zig:1    | Entered Level 1 of a ziggurat
 94961 | Zig:2    | Entered Level 2 of a ziggurat
 94982 | Zig:2    | Reached skill level 12 in Transmutations
 94984 | Zig:3    | Entered Level 3 of a ziggurat
 94995 | Zig:3    | Reached skill level 16 in Necromancy
 95012 | Zig:4    | Entered Level 4 of a ziggurat
 95047 | Zig:5    | Entered Level 5 of a ziggurat
 95051 | Zig:5    | Noticed a greater mummy
 95052 | Zig:5    | Found the brooch of Shielding {Reflect SH+8}
 95075 | Zig:5    | Killed a greater mummy
 95180 | Zig:6    | Entered Level 6 of a ziggurat
 95186 | Zig:6    | Noticed Leiwuimn the pandemonium lord
 95189 | Zig:6    | Corrupted Zig:6
 95199 | Zig:6    | Killed Leiwuimn the pandemonium lord
 95245 | Zig:6    | Identified the amulet of Suagow {RegenMP MR+} (You found it on level 6 of a ziggurat)
 95255 | Zig:7    | Entered Level 7 of a ziggurat
 95264 | Zig:7    | Found the +7 Kryia's mail coat {PotionHeal*2 rC+}
 95268 | Zig:7    | Reached skill level 13 in Transmutations
 95416 | Zig:8    | Entered Level 8 of a ziggurat
 95478 | Zig:8    | Got a coiled ivory ring
 95482 | Zig:8    | Identified the Handbook of Bewitchment
 95495 | Zig:8    | Identified the ring "Ottifir" {*Drain rPois rC+++} (You found it on level 8 of a ziggurat)
 95584 | Zig:9    | Entered Level 9 of a ziggurat
 95703 | Zig:10   | Entered Level 10 of a ziggurat
 95736 | Zig:10   | Reached skill level 14 in Transmutations
 95757 | Zig:10   | Identified the Guide on Companions and Poisoning
 95910 | Zig:11   | Entered Level 11 of a ziggurat
 95930 | Zig:11   | Reached skill level 17 in Necromancy
 95988 | Zig:11   | Identified Muiwkausk's Papyrus of Bewitching Toxins
 96002 | Zig:11   | Reached skill level 15 in Transmutations
 96007 | Zig:11   | Identified Ozxuosul's Handbook of Darkness and Curses
 96175 | Zig:12   | Entered Level 12 of a ziggurat
 96435 | Pan      | Entered Pandemonium
 96553 | Pan      | Reached skill level 16 in Transmutations
 96555 | Pan      | HP: 111/238 [balrug/divine providence (15)]
 96562 | Pan      | HP: 104/238 [balrug/demon whip of freezing (2)]
 96890 | Pan      | Reached skill level 18 in Necromancy
 97368 | Pan      | Reached skill level 17 in Transmutations
 97908 | Pan      | Noticed Gamap the pandemonium lord
 97959 | Pan      | Killed Gamap the pandemonium lord
 98346 | Pan      | Gained mutation: Armour fits poorly on your strangely shaped body. [a neqoxec]
 98407 | Pan      | Reached skill level 18 in Transmutations
 98637 | Pan      | Noticed Wub Cusu the pandemonium lord
 98659 | Pan      | Killed Wub Cusu the pandemonium lord
 98669 | Pan      | HP: 117/238 [sixfirhy[a cacodemon] (6)]
 98670 | Pan      | Corrupted Pan
 98675 | Pan      | HP: 72/238 [smoke demon/divine providence[a shadow demon] (9)]
 98683 | Pan      | HP: 71/238 [Executioner[a shadow demon] (7)]
 98690 | Pan      | HP: 42/238 [sixfirhy[a cacodemon] (8)]
 98700 | Pan      | HP: 26/238 [smoke demon/divine providence[a shadow demon] (10)]
 98708 | Pan      | HP: 45/238 [lorocyproca (9)]
 98731 | Pan      | HP: 65/238 [chaos spawn[a shadow demon] (9)]
 98739 | Pan      | HP: 61/238 [monstrous blood saint/ghostly fireball (1)]
 98742 | Pan      | HP: 27/238 [monstrous blood saint/iceblast (22)]
 98747 | Pan      | HP: 75/238 [blizzard demon/the air[a shadow demon] (1)]
 98758 | Abyss:1  | HP: 59/238 [tentacled monstrosity (3)]
 98867 | Pan      | Escaped the Abyss
 99801 | Pan      | Found a huge runed gate.
 99801 | Pan      | Found a huge runed gate.
 99801 | Pan      | Found a huge runed gate.
 99801 | Pan      | Found a huge runed gate.
 99801 | Pan      | Found a huge runed gate.
 99801 | Pan      | Found a huge runed gate.
 99801 | Pan      | Found a huge runed gate.
 99801 | Pan      | Found a huge runed gate.
 99801 | Pan      | Found a huge runed gate.
 99801 | Pan      | Found a huge runed gate.
 99801 | Pan      | Found a huge runed gate.
 99801 | Pan      | Noticed Lokysch the pandemonium lord
 99802 | Pan      | Corrupted Pan
 99802 | Pan      | Found a runed door.
 99802 | Pan      | Found a large runed door.
 99802 | Pan      | Found a large runed door.
 99809 | Pan      | Reached skill level 19 in Necromancy
 99812 | Pan      | Killed Lokysch the pandemonium lord
 99825 | Pan      | Reached skill level 19 in Transmutations
 99953 | Pan      | Lost mutation: You are agile. (Dex +2) [a cacodemon]
100778 | Pan      | Noticed Pekyixt the pandemonium lord
100795 | Pan      | Killed Pekyixt the pandemonium lord
100930 | Pan      | Reached skill level 20 in Transmutations
101011 | Pan      | Found an exit through the horrors of the Abyss.
101810 | Pan      | Noticed Detuhefo the pandemonium lord
101829 | Pan      | HP: 111/238 [sphinx/divine providence[an infernal corrupter] (14)]
101830 | Pan      | Corrupted Pan
101844 | Pan      | Killed Detuhefo the pandemonium lord
102345 | Pan      | Reached skill level 20 in Necromancy
103369 | Pan      | HP: 107/238 [??? (69)]
103371 | Pan      | HP: 42/238 [??? (25)]
103376 | Pan      | HP: 44/238 [burnt (1)]
103755 | Pan      | Got a slimy cloak
103790 | Pan      | Identified the +2 cloak of Weirdness {rPois} (You found it in Pandemonium)
103823 | Pan      | HP: 117/238 [smoke demon/divine providence (9)]
103828 | Pan      | HP: 105/238 [poisoned by a green death (poison arrow)]
103833 | Pan      | HP: 88/238 [poisoned by a green death (bolt of poison)]
103838 | Pan      | HP: 73/238 [poisoned by a green death (bolt of poison)]
103841 | Pan      | Reached skill level 21 in Transmutations
103843 | Pan      | HP: 46/238 [poisoned by a green death (bolt of poison)]
103849 | Pan      | HP: 50/238 [poisoned by a green death (bolt of poison)]
103856 | Pan      | HP: 55/238 [poisoned by a green death (bolt of poison)]
103862 | Pan      | HP: 60/238 [poisoned by a green death (bolt of poison)]
103869 | Pan      | HP: 66/238 [poisoned by a green death (bolt of poison)]
103877 | Pan      | HP: 67/238 [poisoned by a green death (bolt of poison)]
104838 | Pan      | Noticed Qusev the pandemonium lord
104852 | Pan      | HP: 108/238 [Qusev the pandemonium lord/bolt of lightning (17)]
104857 | Pan      | Killed Qusev the pandemonium lord
104857 | Pan      | Reached skill level 6 in Spellcasting
105096 | Pan      | Got a demonic rune of Zot
105292 | Pan      | Gained mutation: Scrolls take you longer to read. [a cacodemon]
105341 | Pan      | Reached skill level 7 in Spellcasting
106030 | Pan      | Reached skill level 8 in Spellcasting
106054 | Pan      | Found an exit through the horrors of the Abyss.
106224 | Pan      | Noticed Leoxkas the pandemonium lord
106239 | Pan      | Killed Leoxkas the pandemonium lord
106640 | Pan      | Reached skill level 9 in Spellcasting
106722 | Pan      | Noticed Uschomn the pandemonium lord
106802 | Pan      | Killed Uschomn the pandemonium lord
107202 | Pan      | Reached skill level 21 in Necromancy
107639 | Pan      | Reached skill level 10 in Spellcasting
107804 | Pan      | HP: 112/238 [??? (73)]
108377 | Pan      | Gained mutation: You occasionally shout uncontrollably at your foes. [a cacodemon]
108689 | Pan      | Gained mutation: You are frail. (-10% HP) [a neqoxec]
108786 | Pan      | Reached skill level 11 in Spellcasting
109024 | Pan      | Noticed Xele the pandemonium lord
109046 | Pan      | HP: 78/214 [??? (50)]
109048 | Pan      | Killed Xele the pandemonium lord
109048 | Pan      | Reached skill level 22 in Transmutations
109862 | Pan      | Noticed Ecvamy the pandemonium lord
109893 | Pan      | Killed Ecvamy the pandemonium lord
109893 | Pan      | Reached skill level 12 in Spellcasting
110741 | Pan      | Reached skill level 13 in Spellcasting
110948 | Pan      | Noticed Poiziapt the pandemonium lord
110974 | Pan      | Killed Poiziapt the pandemonium lord
112055 | Pan      | Reached skill level 14 in Spellcasting
112821 | Pan      | Entered the realm of Mnoleg.
113010 | Pan      | Lost mutation: Your spells are a little harder to cast, but a little more powerful. [potion of mutation]
113010 | Pan      | Lost mutation: You are frail. (-10% HP) [potion of mutation]
113010 | Pan      | Lost mutation: Armour fits poorly on your strangely shaped body. [potion of mutation]
113010 | Pan      | Gained mutation: You have a somewhat thin skeletal structure. (Dex +2, Stealth) [potion of mutation]
113122 | Pan      | Noticed Mnoleg
113138 | Pan      | Reached skill level 22 in Necromancy
113215 | Pan      | Killed Mnoleg
113222 | Pan      | Got a glowing rune of Zot
113318 | Pan      | Noticed Cigah the pandemonium lord
113328 | Pan      | Cast into level 3 of the Abyss (Cigah)
113345 | Pan      | Escaped the Abyss
113386 | Pan      | HP: 119/238 [Cigah the pandemonium lord (1)]
113391 | Pan      | Corrupted Pan
113391 | Pan      | Noticed an ancient lich
113391 | Pan      | Noticed an ancient lich
113391 | Pan      | HP: 51/238 [Cigah the pandemonium lord (28)]
113412 | Pan      | Killed Cigah the pandemonium lord
113412 | Pan      | Reached skill level 15 in Spellcasting
114149 | Pan      | Reached skill level 23 in Transmutations
114508 | Pan      | Corrupted Pan
114744 | Pan      | Noticed Qewk the pandemonium lord
114764 | Pan      | Killed Qewk the pandemonium lord
115137 | Pan      | Learned a level 8 spell: Infestation
115339 | Depths:4 | Escaped Pandemonium
115346 | Pan      | Entered the realm of Gloorx Vloq.
115346 | Pan      | Entered Pandemonium
115553 | Pan      | Noticed Gloorx Vloq
115567 | Pan      | HP: 107/238 [Gloorx Vloq (20)]
115570 | Pan      | HP: 50/238 [Gloorx Vloq/dispel undead (40)]
115572 | Pan      | Corrupted Pan
115590 | Abyss:1  | HP: 48/238 [starcursed mass/accursed screaming (6)]
115894 | Pan      | Escaped the Abyss
115919 | Pan      | Killed Gloorx Vloq
115971 | Pan      | Got a dark rune of Zot
116321 | Pan      | Found an exit through the horrors of the Abyss.
116454 | Pan      | Noticed Ephotsat the pandemonium lord
116468 | Pan      | Reached skill level 23 in Necromancy
116539 | Pan      | Killed Ephotsat the pandemonium lord
116539 | Pan      | Reached skill level 24 in Transmutations
116561 | Pan      | Noticed Mennas
116592 | Pan      | HP: 114/238 [???[a shadow demon] (73)]
116596 | Pan      | HP: 56/238 [poisoned by a green death (poison arrow)]
116598 | Pan      | Entered the realm of Lom Lobon.
116601 | Pan      | HP: 62/238 [poisoned by a green death (poison arrow)]
116608 | Pan      | HP: 95/238 [poisoned by a green death (poison arrow)]
116615 | Pan      | HP: 112/238 [poisoned by a green death (poison arrow)]
116797 | Pan      | HP: 111/238 [Ice Fiend[a lich] (9)]
116808 | Pan      | HP: 99/238 [rakshasa/trident (4)]
116815 | Pan      | HP: 92/238 [rakshasa/trident (10)]
117293 | Pan      | Found an exit through the horrors of the Abyss.
117690 | Pan      | Noticed Lom Lobon
117722 | Pan      | HP: 118/238 [Lom Lobon/great icy blast (43)]
117728 | Pan      | HP: 106/238 [Lom Lobon/great icy blast (23)]
117760 | Pan      | HP: 89/238 [Lom Lobon/great icy blast (54)]
117761 | Pan      | Killed Lom Lobon
117777 | Pan      | Got a magical rune of Zot
117799 | Pan      | Learned a level 8 spell: Borgnjor's Revivification
118031 | Pan      | Lost mutation: Scrolls take you longer to read. [potion of mutation]
118031 | Pan      | Lost mutation: You occasionally shout uncontrollably at your foes. [potion of mutation]
118031 | Pan      | Lost mutation: Scrolls take you a little longer to read. [potion of mutation]
118031 | Pan      | Gained mutation: You are resistant to hostile enchantments. (MR+) [potion of mutation]
118031 | Pan      | Gained mutation: You are agile. (Dex +2) [potion of mutation]
118034 | Pan      | Entered the realm of Cerebov.
119045 | Pan      | Reached skill level 24 in Necromancy
119071 | Pan      | Got a vibrating jade ring
119072 | Pan      | Identified the ring of Anarchy {rElec rN++ Str-2 Int+4 Stlth-} (You found it in Pandemonium)
119075 | Pan      | Identified Weuh's Almanac of Helpful Enchantment
119081 | Pan      | Learned a level 2 spell: Swiftness
119180 | Pan      | Identified Rojycw's Incunabulum of the Glacier and the Voyage
119186 | Pan      | Identified the Catalogue of Malediction
119232 | Pan      | Noticed Cerebov
119252 | Pan      | HP: 106/238 [Cerebov/iron shot (41)]
119253 | Pan      | Killed Cerebov
119253 | Pan      | Reached skill level 16 in Spellcasting
119278 | Pan      | Got a fiery rune of Zot
120003 | Pan      | Noticed Joblu the pandemonium lord
120026 | Pan      | Killed Joblu the pandemonium lord
120396 | Pan      | Reached skill level 25 in Transmutations
120952 | Pan      | Reached skill level 21 in Armour
120952 | Pan      | Reached skill level 25 in Necromancy
121454 | Pan      | Noticed Soklist the pandemonium lord
121458 | Pan      | Killed Soklist the pandemonium lord
122050 | Pan      | Got a pair of smoking gloves
122193 | Pan      | Reached skill level 14 in Dodging
122198 | Pan      | Noticed Ledden the pandemonium lord
122222 | Pan      | Killed Ledden the pandemonium lord
122394 | Pan      | Identified the cursed +0 pair of gloves of Life {rN++ Dex-4} (You found it in Pandemonium)
122678 | Pan      | Reached skill level 22 in Armour
122792 | Pan      | Found an exit through the horrors of the Abyss.
122901 | Pan      | Took an exit into the Abyss.
122901 | Abyss:1  | Escaped into the Abyss
122909 | Depths:4 | Escaped the Abyss
122944 | Hell     | Entered the Vestibule of Hell
122944 | Hell     | Noticed Geryon
122959 | Hell     | Killed Geryon
123023 | Hell     | Noticed Murray
123033 | Hell     | Killed Murray
123076 | Hell     | Found a gateway to the ashen valley of Gehenna.
123205 | Hell     | Found a gateway to the decaying netherworld of Tartarus.
123375 | Hell     | Found a gateway to the freezing wastes of Cocytus.
123498 | Hell     | Found a gateway to the Iron City of Dis.
123550 | Tar:1    | Entered Level 1 of Tartarus
123564 | Tar:2    | HP: 105/240 [Tzitzimitl/dispel undead[the effects of Hell] (37)]
123661 | Tar:2    | Reached skill level 1 in Translocations
124091 | Tar:3    | Reached skill level 2 in Translocations
124107 | Tar:3    | Reached skill level 25 in Fighting
124107 | Tar:3    | Reached skill level 23 in Armour
124288 | Tar:5    | Reached skill level 3 in Translocations
124625 | Tar:6    | Reached skill level 15 in Dodging
124734 | Tar:7    | Entered Level 7 of Tartarus
124749 | Tar:7    | Reached skill level 1 in Summonings
124798 | Tar:7    | Reached skill level 4 in Translocations
124842 | Tar:7    | Reached skill level 2 in Summonings
124882 | Tar:7    | Reached skill level 3 in Summonings
124906 | Tar:7    | Reached skill level 5 in Translocations
125027 | Tar:7    | Reached skill level 4 in Summonings
125094 | Tar:7    | Got a warped wooden ring
125096 | Tar:7    | Identified the ring of Telargh {rF++ Int+2} (You found it on level 7 of Tartarus)
125144 | Tar:7    | Reached skill level 24 in Armour
125280 | Tar:7    | Reached skill level 5 in Summonings
125281 | Tar:7    | Reached skill level 6 in Translocations
125381 | Tar:7    | Found the +8 whip "Snakebite" {curare, rPois}
125404 | Tar:7    | Identified Sif Muna's Incunabulum of Shifting Good Luck
125416 | Tar:7    | Learned a level 7 spell: Haunt
125716 | Tar:7    | Reached skill level 6 in Summonings
125759 | Tar:7    | Noticed Ereshkigal
125768 | Tar:7    | Corrupted Tar:7
125777 | Tar:7    | Killed an ancient lich
125792 | Tar:7    | Killed Ereshkigal
125822 | Tar:7    | Got a bone rune of Zot
125964 | Tar:7    | Identified A Beginning Course on Secret Knowledge
126059 | Coc:1    | Entered Level 1 of Cocytus
126285 | Coc:3    | Reached skill level 7 in Summonings
126451 | Coc:5    | Noticed a shard shrike
126459 | Coc:5    | Noticed a shard shrike
126460 | Coc:5    | Killed a shard shrike
126462 | Coc:5    | Reached skill level 25 in Armour
126465 | Coc:5    | Killed a shard shrike
126531 | Coc:5    | Reached skill level 8 in Summonings
126600 | Coc:7    | Entered Level 7 of Cocytus
126678 | Coc:7    | Noticed a shard shrike
126686 | Coc:7    | Killed a shard shrike
126689 | Coc:7    | Reached skill level 7 in Translocations
126704 | Coc:7    | Noticed a shard shrike
126721 | Coc:7    | Killed a shard shrike
126741 | Coc:7    | Noticed a shard shrike
126742 | Coc:7    | Noticed a shard shrike
126745 | Coc:7    | Noticed a shard shrike
126748 | Coc:7    | Killed a shard shrike
126748 | Coc:7    | Reached skill level 9 in Summonings
126748 | Coc:7    | Killed a shard shrike
126751 | Coc:7    | Killed a shard shrike
126771 | Coc:7    | Reached skill level 16 in Invocations
126873 | Coc:7    | Noticed a shard shrike
126876 | Coc:7    | Killed a shard shrike
126927 | Coc:7    | Noticed a shard shrike
126927 | Coc:7    | Noticed a shard shrike
126928 | Coc:7    | Killed a shard shrike
126928 | Coc:7    | Reached skill level 8 in Translocations
126931 | Coc:7    | Killed a shard shrike
126982 | Coc:7    | HP: 109/242 [acid (14)]
127031 | Coc:7    | HP: 66/242 [something (19)]
127099 | Coc:7    | Reached skill level 10 in Summonings
127473 | Coc:7    | Noticed a shard shrike
127481 | Coc:7    | Killed a shard shrike
127708 | Coc:7    | Noticed Antaeus
127749 | Coc:7    | HP: 110/244 [Antaeus/staff of wizardry (34)]
127753 | Coc:7    | Killed Antaeus
127753 | Coc:7    | Reached skill level 17 in Invocations
127772 | Coc:7    | HP: 66/244 [something (33)]
127901 | Coc:7    | Noticed a shard shrike
127904 | Coc:7    | Killed a shard shrike
128014 | Coc:7    | Noticed a shard shrike
128020 | Coc:7    | Banished a shard shrike
128020 | Coc:7    | Reached skill level 11 in Summonings
128147 | Coc:7    | Got an icy rune of Zot
128437 | Depths:2 | Bought a +6 ring of intelligence for 1111 gold pieces
128519 | Geh:1    | Entered Level 1 of Gehenna
128628 | Geh:3    | Reached skill level 26 in Fighting
129000 | Geh:4    | Reached skill level 12 in Summonings
129053 | Geh:4    | Reached skill level 18 in Invocations
129279 | Geh:7    | Entered Level 7 of Gehenna
129537 | Geh:7    | Noticed the Serpent of Hell
129559 | Geh:7    | Killed the Serpent of Hell
129697 | Geh:7    | Reached skill level 13 in Summonings
129861 | Geh:7    | HP: 120/246 [hellion/damnation[the effects of Hell] (40)]
130022 | Geh:7    | Reached skill level 19 in Invocations
130139 | Geh:7    | Noticed Asmodeus
130144 | Geh:7    | Corrupted Geh:7
130175 | Geh:7    | HP: 100/246 [Asmodeus/damnation (31)]
130182 | Geh:7    | Killed Asmodeus
130204 | Geh:7    | HP: 96/246 [stone giant skeleton (17)]
130211 | Geh:7    | Got an obsidian rune of Zot
130249 | Geh:7    | HP: 105/246 [smoke demon/divine providence (13)]
130255 | Geh:7    | HP: 77/246 [smoke demon/divine providence (16)]
130396 | Geh:7    | HP: 108/246 [smoke demon/divine providence (16)]
130731 | Dis:1    | Entered Level 1 of the Iron City of Dis
131114 | Dis:4    | Reached skill level 20 in Invocations
131171 | Dis:4    | HP: 114/247 [iron giant/iron shot (53)]
131608 | Dis:4    | HP: 48/247 [Tzitzimitl/dispel undead[the effects of Hell] (79)]
131677 | Abyss:1  | Killed Snorg
131765 | Dis:4    | Escaped the Abyss
131926 | Dis:4    | Reached skill level 21 in Invocations
132085 | Dis:7    | Entered Level 7 of the Iron City of Dis
132485 | Dis:7    | Reached skill level 22 in Invocations
132960 | Dis:7    | Noticed Dispater
132985 | Dis:7    | Killed Dispater
132987 | Dis:7    | Got a shimmering amber ring
132999 | Dis:7    | Identified the Compendium of Protection and Stolen Souls
133001 | Dis:7    | Identified the ring of Beauty {+Inv rC+ Str+2 Dex+3} (You took it off an iron imp on level 7 of the Iron City of Dis)
133002 | Dis:7    | Identified the ring "Vyonejov" {+Blink rElec rC+ Str+5 SInv} (You found it on level 7 of the Iron City of Dis)
133009 | Dis:7    | Got an iron rune of Zot
133589 | Tomb:1   | Entered Level 1 of the Tomb of the Ancients
133635 | Tomb:1   | Corrupted Tomb:1
133677 | Tomb:1   | You fall through a shaft!
133679 | Tomb:2   | Noticed a greater mummy
133679 | Tomb:2   | Corrupted Tomb:2
133680 | Tomb:2   | Noticed a greater mummy
133694 | Tomb:2   | HP: 116/247 [??? (113)]
133696 | Tomb:2   | Killed a greater mummy
133701 | Tomb:2   | Killed a greater mummy
133702 | Tomb:2   | Killed a greater mummy
133707 | Tomb:2   | Killed a greater mummy
133708 | Tomb:2   | HP: 108/247 [reaper/scythe of venom[a greater mummy's death curse] (15)]
134069 | Tomb:1   | Noticed a greater mummy
134074 | Tomb:1   | Killed a greater mummy
134074 | Tomb:1   | Reached skill level 23 in Invocations
134085 | Tomb:1   | Noticed a greater mummy
134089 | Tomb:1   | Noticed a greater mummy
134089 | Tomb:1   | Killed a greater mummy
134095 | Tomb:1   | Killed a greater mummy
134098 | Tomb:1   | Noticed a greater mummy
134103 | Tomb:1   | Killed a greater mummy
134116 | Tomb:1   | Noticed a greater mummy
134120 | Tomb:1   | Noticed a greater mummy
134122 | Tomb:1   | Killed a greater mummy
134125 | Tomb:1   | Noticed a greater mummy
134129 | Tomb:1   | Killed a greater mummy
134132 | Tomb:1   | Noticed a greater mummy
134142 | Tomb:1   | Killed a greater mummy
134143 | Tomb:1   | Killed a greater mummy
134168 | Tomb:1   | Noticed a greater mummy
134174 | Tomb:1   | Killed a greater mummy
134175 | Tomb:1   | Noticed a greater mummy
134186 | Tomb:1   | Killed a greater mummy
134186 | Tomb:1   | Reached skill level 24 in Invocations
134192 | Tomb:1   | Noticed a greater mummy
134195 | Tomb:1   | Noticed a greater mummy
134201 | Tomb:1   | Killed a greater mummy
134207 | Tomb:1   | Killed a greater mummy
134228 | Tomb:1   | Noticed a greater mummy
134228 | Tomb:1   | Noticed a greater mummy
134233 | Tomb:1   | Noticed a greater mummy
134234 | Tomb:1   | Killed a greater mummy
134238 | Tomb:1   | Killed a greater mummy
134246 | Tomb:1   | Killed a greater mummy
134267 | Tomb:1   | Noticed a greater mummy
134280 | Tomb:1   | Killed a greater mummy
134301 | Tomb:1   | Noticed a greater mummy
134308 | Tomb:1   | Killed a greater mummy
134311 | Tomb:1   | Noticed a greater mummy
134320 | Tomb:1   | Killed a greater mummy
134343 | Tomb:2   | Reached skill level 25 in Invocations
134565 | Tomb:2   | ololoev: ох сейчас кому-то наваляют!
134566 | Tomb:3   | Entered Level 3 of the Tomb of the Ancients
134583 | Tomb:3   | Noticed an ancient lich
134584 | Tomb:3   | Noticed a greater mummy
134592 | Tomb:3   | Killed an ancient lich
134592 | Tomb:3   | Killed a greater mummy
134597 | Tomb:3   | theanonym: Я домой пришёл
134597 | Tomb:3   | theanonym: Как тут с некромутом вообще умереть возможно?
134611 | Tomb:3   | Noticed a greater mummy
134623 | Tomb:3   | Killed a greater mummy
134623 | Tomb:3   | Reached skill level 26 in Invocations
134650 | Tomb:3   | Noticed a greater mummy
134652 | Tomb:3   | Corrupted Tomb:3
134656 | Tomb:3   | Noticed a greater mummy
134665 | Tomb:3   | Killed a greater mummy
134671 | Tomb:3   | theanonym: Кнопки перепутал
134682 | Tomb:3   | Noticed a greater mummy
134686 | Tomb:3   | Noticed a greater mummy
134687 | Tomb:3   | HP: 119/247 [mummy priest/divine providence (9)]
134692 | Tomb:3   | Killed a greater mummy
134700 | Tomb:3   | Killed a greater mummy
134703 | Tomb:3   | Killed a greater mummy
134705 | Tomb:3   | Noticed a greater mummy
134718 | Tomb:3   | HP: 122/247 [soul eater/drain life[Lugonu's corruption] (11)]
134718 | Tomb:3   | Killed a greater mummy
134723 | Tomb:3   | Noticed a greater mummy
134724 | Tomb:3   | ololoev: с негром в тумбе можно случайно попасть в компанию ревенантов или ак их там
134726 | Tomb:3   | ololoev: и получить по роже диспелом
134734 | Tomb:3   | ololoev: а так тут относительно безопасно в личе
134737 | Tomb:3   | Killed a greater mummy
134778 | Tomb:3   | ololoev: ??revenant
134779 | Tomb:3   | beem: revenant[1/1]: A Crypt monster with {ghostly fireball}, {ghostly flames}, {dispel undead}, and {blink away}. Spectrals from ghostly flames can push past it, so try not to get pinned by them in corridors.
134780 | Tomb:3   | ololoev: ??dispel undead
134780 | Tomb:3   | beem: dispel undead[1/3]: Deals very high AC-bypassing damage (up to 87!) to undead. Extremely useful vs. liches, higher mummies, various other things, and player ghosts. Not useful vs. anything not undead. If you are an undead or lich-form player, take care around Kiku ghosts, pan lords, Gloorx Vloq, tzitzimitl, and black suns.
134780 | Tomb:3   | ololoev: up to 87
134780 | Tomb:3   | theanonym: Они тут очень редко бывают
134780 | Tomb:3   | theanonym: Но есть фениксы которые много урона по нежити наносят и статуи с диспелом
134983 | Tomb:3   | Got a golden rune of Zot
135021 | Tomb:3   | ololoev: сейчас вроде как-то там тубму переделали, раньше при спуске на 2й лвл можно было попать в лос к паре ревенантов
135023 | Tomb:3   | Identified the ring "Dyaklymuil" {-Tele rElec rPois Str+6 Dex+2} (You found it on level 3 of the Tomb of the Ancients)
135025 | Tomb:3   | ololoev: фениксы опасны пока живые, но умирая они тебя хилят зато
135050 | Tomb:1   | Noticed a greater mummy
135058 | Tomb:1   | Killed a greater mummy
135063 | Tomb:1   | theanonym: Тут кстати шафт муравья не работает
135063 | Tomb:1   | theanonym: Кидает в центр второго этажа
135063 | Tomb:1   | theanonym: Т.е. всё равно что по лестнице спуститься
135074 | Tomb:1   | Noticed a greater mummy
135081 | Tomb:1   | Killed a greater mummy
135106 | Tomb:1   | Noticed a greater mummy
135110 | Tomb:1   | Killed a greater mummy
135119 | Tomb:1   | Reached skill level 27 in Invocations
135752 | Zot:5    | ololoev: охардкорили
135776 | Zot:5    | Reached skill level 27 in Fighting
135782 | Zot:5    | Reached skill level 27 in Axes
135849 | Zot:5    | Noticed an orb of fire
135866 | Zot:5    | Noticed an orb of fire
135867 | Zot:5    | Noticed an orb of fire
135869 | Zot:5    | ololoev: сейчас будет жестко
135869 | Zot:5    | Corrupted Zot:5
135871 | Zot:5    | Noticed an ancient lich
135874 | Zot:5    | HP: 122/249 [orb of fire/fireball (9)]
135875 | Zot:5    | Killed an orb of fire
135887 | Zot:5    | Killed an orb of fire
135893 | Zot:5    | Killed an ancient lich
135942 | Zot:5    | Killed an orb of fire
136166 | Zot:5    | Killed an orb of fire
136336 | Zot:5    | theanonym: Всё дерьмо из бездны только 2 орбы убило, оставшаяся добила всех
136368 | Zot:5    | Reached skill level 26 in Armour
136381 | Zot:5    | Noticed an orb of fire
136381 | Zot:5    | Got the Orb of Zot
136778 | D:14     | Noticed Giulaare the pandemonium lord
136782 | D:14     | Noticed Umupsau the pandemonium lord
137103 | D:$      | Escaped with the Orb!

Vanquished Creatures
  Antaeus (Coc:7)
  Asmodeus (Geh:7)
  the Royal Jelly (Slime:5)
  Gloorx Vloq (Pan)
  Ereshkigal (Tar:7)
  the Serpent of Hell (Geh:7)
  Lom Lobon (Pan)
  Dispater (Dis:7)
  An orb of fire (Zot:5)
  Mara (Elf:3)
  A juggernaut (Depths:5)
  4 ancient liches
  18 greater mummies
  9 shard shrikes
  Xtahua (Vaults:5)
  Saint Roka (Depths:1)
  2 curse toes
  Bai Suzhen (Vaults:5)
  3 caustic shrikes (Depths:3)
  A Killer Klown (Zig:3)
  15 pandemonium lords (Pan)
  Geryon (Hell)
  9 golden dragons
  A profane servitor (Crypt:3)
  Jory (Vaults:5)
  7 bone dragons
  2 electric golems
  A doom hound (Tar:3)
  9 liches
  16 Brimstone Fiends
  16 Tzitzimimeh
  7 iron giants
  24 tentacled monstrosities
  31 Ice Fiends
  21 Hell Sentinels
  13 quicksilver dragons
  A deep elf master archer (Elf:3)
  18 Orb Guardians
  4 deep elf blademasters
  3 titans (Vaults:5)
  14 acid blobs
  21 Executioners
  4 tentacled starspawn
  5 sphinxes
  2 eldritch tentacles (Pan)
  12 death cobs
  19 ancient champions
  6 draconian monks
  8 tengu reavers
  13 storm dragons
  Kirke (D:12)
  14 shadow dragons
  2 revenants
  9 azure jellies
  7 draconian knights
  11 fire giants
  Ilsuiw (Shoals:4)
  A daeva (Abyss:1)
  31 cacodemons (Pan)
  3 orc warlords
  14 vault wardens
  7 deep elf sorcerers
  11 ghost moths
  46 balrugs
  14 frost giants
  9 iron dragons
  A juggernaut zombie (Zig:9)
  10 draconian shifters
  The ghost of rabbitfr the Imperceptible, an adept SpEn of Dithmenos (Shoals:4)
  A caustic shrike zombie (Zig:9)
  6 draconian scorchers
  13 warmongers (Pan)
  The ghost of 2tc the Brawler, a journeyman TrMo of Wu Jian (Lair:5)
  7 draconian stormcallers
  3 emperor scorpions
  4 curse skulls
  A caustic shrike skeleton (Crypt:1)
  An elemental wellspring (Coc:7)
  61 reapers
  17 ironheart preservers
  7 deep elf elementalists
  7 draconian annihilators
  13 ghouls
  4 entropy weavers
  2 spriggan defenders
  17 blood saints (Pan)
  10 war gargoyles
  13 green draconians
  3 bennus
  5 deep elf demonologists
  39 very ugly things
  17 stone giants
  10 corrupters (Pan)
  11 vampire knights
  8 black draconians
  6 black suns (Pan)
  A juggernaut skeleton (Zig:9)
  15 deep elf annihilators
  2 pale draconians (Depths:5)
  2 spark wasps (Depths:4)
  Azrael (D:11)
  5 purple draconians
  13 yellow draconians
  15 red draconians
  14 lorocyprocas
  11 white draconians
  The ghost of Regeox the Blocker, a journeyman MiFi of Okawaru (Lair:5)
  Snorg (Abyss:1)
  5 merfolk javelineers
  An eidolon (Crypt:2)
  25 green deaths
  12 deep elf death magi
  16 ettins
  46 blizzard demons
  7 mummy priests
  25 yaktaur captains
  11 fire dragons
  7 death oozes
  4 quicksilver dragon zombies
  10 merfolk impalers
  12 great orbs of eyes
  A minotaur (Lab)
  Josephine (D:10)
  23 jiangshi
  The ghost of crawlian the Arsonist, a journeyman DEFE of Sif Muna (Lair:5)
  8 deep elf high priests
  Fannar (D:12)
  2 hydras (shapeshifter)
  2 hell beasts (Pan)
  32 vault guards
  14 ice dragons
  11 rakshasas
  7 quicksilver dragon skeletons
  16 hydras
  5 merfolk avatars
  4 catoblepae
  11 centaur warriors
  13 monstrous demonspawn
  A spriggan air mage (Depths:3)
  9 death knights
  2 ghost crabs
  24 two-headed ogres
  2 alligator snapping turtles (Shoals:4)
  5 merfolk aquamancers (Shoals:4)
  8 tengu warriors
  A queen ant (Spider:1)
  8 ogre magi
  35 starcursed masses
  5 death yaks (Lair:6)
  2 alligators (Zig:10)
  2 satyrs
  29 death scarabs
  18 hell hogs
  6 thrashing horrors
  10 vampire magi
  22 dancing weapons
  13 deep troll earth magi
  2 titan zombies
  3 storm dragon zombies
  A spriggan berserker (Depths:3)
  2 orc high priests (Elf:2)
  31 hell knights
  4 deep troll shamans
  5 iron golems
  2 titan skeletons
  5 wretched stars
  67 soul eaters
  4 iron trolls
  17 deep elf knights
  10 shadow wraiths
  130 sun demons
  A fire crab (Abyss:3)
  3 storm dragon skeletons
  26 sixfirhies
  10 sea snakes
  A fire crab (shapeshifter) (WizLab)
  3 spatial maelstroms
  A spriggan druid (Zig:10)
  7 anaconda zombies
  12 flayed ghosts
  A ghost moth zombie (Coc:3)
  5 golden dragon zombies
  16 torturous demonspawn
  90 skeletal warriors
  5 shadow dragon zombies
  9 wizards
  20 gelid demonspawn (Pan)
  6 glowing orange brains
  2 unseen horrors (shapeshifter) (WizLab)
  4 unseen horrors
  26 deep trolls
  41 shadow demons
  A swamp dragon (shapeshifter) (WizLab)
  A golden dragon skeleton (Pan)
  A tengu zombie (Vaults:4)
  16 necromancers
  7 deep elf archers
  9 infernal demonspawn (Pan)
  7 swamp dragons
  25 orc knights
  18 orb spiders
  17 ironbrand convokers
  A lindwurm (shapeshifter) (WizLab)
  60 deep elf magi
  22 harpies
  27 phantasmal warriors
  A shambling mangrove (Zig:10)
  3 harpies (shapeshifter) (WizLab)
  A mana viper (shapeshifter) (WizLab)
  A wolf spider zombie (Geh:6)
  19 wolf spiders
  An iron dragon zombie (Coc:7)
  A spectral ettin (Crypt:3)
  3 human zombies
  3 orc sorcerers
  A salamander (Depths:2)
  3 anaconda skeletons
  5 frost giant zombies
  4 stone giant zombies
  A wolf spider (shapeshifter) (Vaults:5)
  A sphinx skeleton (Crypt:2)
  7 fire giant zombies
  2 oklob plants (Zot:1)
  2 fauns (shapeshifter) (WizLab)
  A spectral fire dragon (Crypt:3)
  2 salamanders (shapeshifter)
  17 moths of wrath
  84 ugly things
  14 manticores
  2 shadow dragon skeletons
  A worldbinder (Abyss:1)
  2 shining eyes (Pan)
  18 cyclopes
  A tengu skeleton (Zig:5)
  A shining eye (shapeshifter) (Depths:5)
  10 fauns
  4 iron dragon skeletons
  A shock serpent zombie (Geh:7)
  12 merfolk sirens
  3 frost giant skeletons
  5 human skeletons
  6 water nymphs
  4 fire giant skeletons
  5 ice statues
  A guardian serpent (shapeshifter) (WizLab)
  An eye of devastation (Slime:1)
  2 dire elephant zombies
  110 smoke demons
  16 vault sentinels
  An eye of devastation (shapeshifter) (Vaults:2)
  A spriggan zombie (Zig:9)
  4 black mambas
  Psyche (D:10)
  11 spiny frogs
  3 apocalypse crabs
  4 centaur skeletons
  29 rust devils
  2 dire elephant skeletons
  7 gargoyles
  50 orange demons
  4 molten gargoyles
  A green draconian zombie (Crypt:1)
  3 spiny frogs (shapeshifter)
  5 stone giant skeletons
  40 tormentors
  2 emperor scorpion zombies
  2 yaktaur zombies (Vaults:4)
  13 hellions
  5 komodo dragons
  11 rime drakes
  16 efreet
  A purple draconian zombie (Crypt:1)
  2 komodo dragons (shapeshifter) (WizLab)
  47 yaktaurs
  3 kobold demonologists
  2 elves (WizLab)
  A black draconian zombie (Dis:7)
  A grey draconian skeleton (Crypt:1)
  57 ice devils
  36 freezing wraiths
  30 hellwings
  2 ancient zymes
  54 demonic crawlers
  An alligator snapping turtle skeleton (Coc:5)
  3 anaconda simulacra
  A golden dragon simulacrum (Coc:7)
  A redback zombie (D:15)
  A silent spectre (Tar:7)
  6 tengu conjurers
  6 hydra zombies
  A harpy zombie (Tar:7)
  22 guardian mummies
  A queen bee (D:8)
  A queen bee (shapeshifter) (WizLab)
  25 jumping spiders
  The ghost of Regeox the Chopper, an amateur HOFi (D:4)
  2 yaktaur skeletons
  63 large abominations
  21 merfolk
  48 red devils
  4 trolls
  A jumping spider (shapeshifter) (WizLab)
  7 wind drakes
  13 hornets
  A polar bear (shapeshifter) (WizLab)
  A shadow dragon simulacrum (Tomb:3)
  3 harpy skeletons
  A meliai (shapeshifter) (Depths:4)
  A merfolk (shapeshifter) (WizLab)
  3 trolls (shapeshifter)
  A tyrant leech (shapeshifter) (WizLab)
  A raiju (shapeshifter) (WizLab)
  19 blink frogs
  A guardian serpent zombie (Crypt:1)
  A tyrant leech (Zig:2)
  12 dream sheep
  A hornet (shapeshifter) (WizLab)
  6 hydra skeletons
  13 hippogriffs
  58 slime creatures
  9 snapping turtles
  A wind drake (shapeshifter) (Depths:1)
  5 raiju
  4 ice dragon zombies
  2 elf zombies
  7 bog bodies
  A snapping turtle (shapeshifter) (Depths:5)
  A fire dragon zombie (Geh:7)
  4 alligator zombies
  65 redbacks
  3 spriggans (shapeshifter) (WizLab)
  2 spriggans
  5 ettin skeletons
  126 flying skulls
  6 ettin zombies
  5 fire dragon skeletons
  A dire elephant simulacrum (Crypt:1)
  50 ynoxinuls
  12 water elementals
  2 black mamba zombies
  An ice dragon skeleton (Coc:7)
  37 tarantellas
  39 wraiths
  3 air elementals (Depths:5)
  2 ushabtiu (Tomb:2)
  2 alligator skeletons
  A yak (shapeshifter) (Vaults:4)
  2 wyverns
  16 fire elementals
  69 chaos spawn
  45 shadows
  A vampire (D:12)
  3 tarantellas (shapeshifter)
  4 basilisks
  A fire bat (shapeshifter) (WizLab)
  4 golden eyes
  51 yaks
  Grum (D:10)
  2 hogs (shapeshifter)
  5 fire bats
  24 humans
  24 neqoxecs
  3 black mamba skeletons
  Menkaure (D:6)
  5 hogs (D:12)
  5 hungry ghosts
  4 vampire mosquitoes (D:12)
  5 human simulacra
  14 steam dragons
  4 spatial vortices
  7 wargs
  2 merfolk zombies
  A deep troll zombie (Vaults:5)
  6 acid dragons
  A two-headed ogre zombie (Crypt:1)
  7 water moccasins
  The ghost of Aviak the Caller, an amateur TeSu (D:3)
  21 hell hounds
  A gelid demonspawn zombie (Tar:6)
  2 soldier ants (Spider:1)
  An acid dragon (shapeshifter) (WizLab)
  4 porcupines
  Purgy (Sewer)
  A torturous demonspawn skeleton (Pan)
  35 orc warriors
  3 spiny frog zombies
  4 black bears
  2 hydra simulacra
  4 swamp drakes (Zig:4)
  5 floating eyes
  2 black bears (shapeshifter)
  3 spiny frog skeletons
  A water nymph skeleton (Crypt:1)
  A meliai simulacrum (D:14)
  2 eyes of draining
  5 sky beasts
  A swamp dragon zombie (Geh:4)
  An elf simulacrum (Vaults:5)
  4 snapping turtle zombies
  An eye of draining (shapeshifter) (Vaults:2)
  A fire dragon simulacrum (Depths:1)
  6 ice beasts
  23 small abominations
  A black mamba simulacrum (Tar:6)
  13 boggarts
  19 necrophages
  28 ogres
  An ogre (shapeshifter) (WizLab)
  6 phantoms
  3 manticore skeletons
  A lindwurm zombie (Crypt:1)
  2 snapping turtle skeletons
  15 wolves
  16 centaurs
  2 swamp dragon skeletons
  9 big kobolds
  9 crocodiles
  19 bullfrogs
  A wyvern zombie (D:13)
  4 earth elementals
  An elf skeleton (Tar:6)
  A gnoll sergeant (D:8)
  A wyvern skeleton (D:7)
  10 scorpions
  A water moccasin skeleton (D:6)
  27 killer bees
  57 wights
  2 electric eels
  2 raiju skeletons (Crypt:2)
  4 howler monkeys
  A wolf zombie (Crypt:1)
  3 bullfrog zombies
  11 crimson imps
  2 quasits
  A centaur zombie (D:6)
  A jelly (D:5)
  6 hounds
  24 orc priests
  A gnoll shaman (D:7)
  23 iron imps
  2 bullfrog skeletons
  5 iguanas
  15 orc wizards
  A hell rat (Hell)
  22 worker ants
  A deep dwarf zombie (Crypt:2)
  A naga zombie (Tar:7)
  An ogre zombie (Dis:3)
  An ogre skeleton (Geh:3)
  2 hound skeletons
  20 mummies
  A howler monkey zombie (Crypt:2)
  11 adders
  8 gnolls
  15 shadow imps
  22 white imps
  7 ufetubi
  2 oozes
  An adder skeleton (D:8)
  9 worms
  8 ball lightnings
  3 dart slugs
  A leopard gecko (D:7)
  79 orcs
  5 bats
  4 giant cockroaches
  10 goblins
  7 hobgoblins
  8 jackals
  3 quokkas
  5 ball pythons
  8 frilled lizards
  A jackal skeleton (D:8)
  A jackal zombie (Crypt:2)
  35 kobolds
  A kobold skeleton (Tar:7)
  2 leopard gecko skeletons
  3 quokka skeletons
  9 rats
  4 bushes
  A fire vortex (Depths:2)
  A fungus (D:10)
  19 plants
  6 starspawn tentacles
  4 tentacles (Abyss:3)
4972 creatures vanquished.

Vanquished Creatures (collateral kills)
  Cerebov (Pan)
  Mnoleg (Pan)
  11 greater mummies
  3 shard shrikes (Coc:7)
  A Killer Klown (Zot:5)
  A bone dragon (Dis:7)
  A Brimstone Fiend (Geh:4)
  An iron giant (Dis:7)
  2 Hell Sentinels (Dis:7)
  2 liches
  2 Orb Guardians (Zot:5)
  2 Ice Fiends (Dis:7)
  Murray (Hell)
  A quicksilver dragon (Dis:7)
  An eldritch tentacle (Geh:7)
  4 sphinxes (Tomb:1)
  2 balrugs
  2 ghouls (Tar:7)
  3 bennus (Tomb:3)
  5 reapers
  A purple draconian (Zot:5)
  4 blizzard demons
  2 mummy priests
  An ice dragon (Coc:7)
  28 death scarabs
  2 hell hogs (Hell)
  A storm dragon zombie (Geh:4)
  2 soul eaters (Hell)
  4 sun demons
  2 iron golems (Dis:7)
  4 iron trolls
  8 skeletal warriors
  13 hell knights
  A torturous demonspawn (Pan)
  2 storm dragon skeletons
  A shadow demon (Pan)
  3 necromancers
  A wolf spider zombie (Tar:7)
  A fire giant zombie (Geh:3)
  2 iron dragon zombies
  2 ice statues (Hell)
  A fire giant skeleton (Geh:4)
  A shock serpent skeleton (Geh:4)
  A hellion (Geh:7)
  A smoke demon (Pan)
  A freezing wraith (Hell)
  A golden dragon simulacrum (Tomb:1)
  3 tormentors
  3 hydra zombies
  11 guardian mummies
  2 red devils (Geh:4)
  A harpy zombie (Coc:7)
  2 bog bodies (Coc:7)
  An ice dragon zombie (Geh:3)
  An ettin zombie (Geh:7)
  An ettin skeleton (Geh:3)
  A fire dragon skeleton (Geh:3)
  30 flying skulls
  2 water elementals (Hell)
  An ice dragon skeleton (Geh:7)
  3 wraiths
  3 fire bats (Geh:4)
  8 fire elementals
  A neqoxec (Pan)
  A black mamba skeleton (Geh:7)
  A spiny frog zombie (Hell)
  3 spatial vortices (Geh:7)
  6 hell hounds
  A phantom (Geh:3)
  2 snapping turtle skeletons (Coc:7)
  11 wights
  A spriggan skeleton (Geh:4)
  4 hell rats (Hell)
  A human skeleton (Geh:4)
  10 mummies
253 creatures vanquished.

Vanquished Creatures (others)
  2 ancient liches
  3 orbs of fire (Zot:5)
  Sojobo (Vaults:4)
  3 pandemonium lords
  5 greater mummies
  A shard shrike (Coc:7)
  2 caustic shrikes (Depths:3)
  2 curse toes (Zot:5)
  A mutant beast (WizLab)
  2 Tzitzimimeh (Tar:7)
  2 Brimstone Fiends
  3 doom hounds
  A tentacled monstrosity (Zot:2)
  5 liches
  Rupert (Lair:3)
  A titan (Vaults:5)
  6 Orb Guardians (Zot:5)
  4 Ice Fiends (Pan)
  4 acid blobs (Slime:5)
  3 eldritch tentacles (Pan)
  2 Executioners
  A sphinx (Tomb:1)
  A kraken (Abyss:3)
  3 tengu reavers (Vaults:4)
  A shadow dragon (Vaults:5)
  An azure jelly (Slime:5)
  A storm dragon (Vaults:4)
  A revenant (Tomb:2)
  2 fire giants
  2 warmongers (Zig:6)
  2 draconian monks (Zot:5)
  2 vault wardens (Vaults:1)
  2 draconian knights
  2 ghost moths (Spider:4)
  11 corrupters (Pan)
  An orc warlord (Orc:2)
  A cacodemon (Pan)
  9 emperor scorpions
  3 ironheart preservers
  An elemental wellspring (Coc:7)
  7 reapers (Pan)
  2 draconian annihilators
  3 entropy weavers
  2 stone giants
  A black draconian (Zot:2)
  A deep elf demonologist (Vaults:4)
  A deep elf annihilator (Vaults:4)
  2 yellow draconians
  2 red draconians
  A spark wasp (Spider:4)
  A purple draconian (Zot:5)
  4 blizzard demons (Pan)
  6 mummy priests
  2 ettins (Orc:2)
  5 green deaths (Pan)
  2 merfolk impalers
  A death ooze (Slime:5)
  5 vault guards (Vaults:1)
  A yaktaur captain (Vaults:5)
  A merfolk avatar (Shoals:2)
  A spriggan air mage (Depths:5)
  2 satyrs
  6 death yaks (Lair:3)
  An ogre mage (Vaults:5)
  3 two-headed ogres
  10 death scarabs (Tomb:3)
  A hell hog (Geh:3)
  A vampire mage (Crypt:2)
  2 deep elf knights
  3 hell knights (Vaults:4)
  12 soul eaters (Pan)
  4 sun demons
  An infernal demonspawn (Pan)
  6 skeletal warriors
  2 sea snakes (Shoals:2)
  2 sixfirhies (Pan)
  5 flayed ghosts
  A glowing orange brain (Pan)
  5 torturous demonspawn (Pan)
  4 gelid demonspawn (Pan)
  2 shadow demons (Pan)
  A deep elf archer (Vaults:4)
  2 necromancers (Vaults:4)
  2 ironbrand convokers
  An orc knight (Vaults:5)
  A frost giant zombie (Tomb:2)
  2 shining eyes
  A stone giant zombie (Tomb:2)
  A harpy (Shoals:2)
  An orb spider (Spider:4)
  3 deep elf magi
  A cyclops (Orc:2)
  2 fauns (Shoals:2)
  4 moths of wrath
  A black mamba (Lair:4)
  3 elephants (Lair:3)
  A vault sentinel (Vaults:4)
  A water nymph (Shoals:2)
  An eye of devastation (Slime:5)
  8 smoke demons
  5 orange demons (Pan)
  12 hellions
  A freezing wraith (Vaults:5)
  2 demonic crawlers (Pan)
  2 yaktaurs (Vaults:5)
  A hellwing (Pan)
  6 tormentors
  3 ice devils (Pan)
  2 red devils (Pan)
  14 guardian mummies
  A harpy zombie (Tomb:2)
  7 merfolk (Shoals:2)
  6 slime creatures (Slime:5)
  3 blink frogs (Abyss:3)
  5 hornets
  4 large abominations
  A snapping turtle (Shoals:2)
  An ice dragon zombie (Tar:7)
  17 flying skulls
  A spriggan (shapeshifter) (Vaults:5)
  A water elemental (Elf:1)
  8 ynoxinuls (Pan)
  A wraith (D:10)
  13 ushabtiu
  3 yaks (Lair:3)
  8 chaos spawn (Pan)
  A merfolk zombie (Tomb:3)
  22 neqoxecs (Pan)
  A golden eye (Zig:12)
  4 hell hounds (Pan)
  2 orc warriors
  A porcupine (Lair:3)
  An ice beast (D:5)
  An alligator simulacrum (Tomb:3)
  2 eyes of draining (Slime:5)
  An ogre (Vaults:5)
  A crocodile (Lair:3)
  A bullfrog zombie (D:7)
  An orc priest (D:8)
  A centaur zombie (D:7)
  An iron imp (Dis:7)
  20 mummies
  2 white imps (IceCv)
  3 ufetubi (IceCv)
  11 ball lightnings (Pan)
  3 orcs
  A quokka (D:7)
  A block of ice (Pan)
  A butterfly (Lair:3)
  A fire vortex (Geh:7)
  20 fungi
  A lurking horror (Abyss:3)
  50 plants
  139 starspawn tentacles
  4 tentacles (Abyss:3)
688 creatures vanquished.

Grand Total: 5913 creatures vanquished

Table legend:
 A = Turns spent in this place as a percentage of turns spent in the entire game.
 B = Non-inter-level travel turns spent in this place as a percentage of non-inter-level travel turns spent in the entire game.
 C = Inter-level travel turns spent in this place as a percentage of turns spent in this place.
 D = Turns resting spent in this place as a percentage of non-inter-level travel turns spent in this place.
 E = Turns spent auto-exploring this place as a percentage of non-inter-level travel turns spent in this place.
 F = Non-inter-level travel turns spent in this place divided by the number of levels of this place that you've seen.
                   A       B       C       D       E      F
               +-------+-------+-------+-------+-------+----------------------
         Total | 100.0 | 100.0 |   6.5 |  38.0 |  32.9 | 936.0
       Dungeon |  17.2 |  16.2 |  11.7 |  40.7 |  37.9 | 1388.4
          Lair |  11.9 |  11.5 |   9.7 |  58.7 |  26.6 | 2460.7
        Shoals |   4.9 |   4.8 |   8.3 |  43.2 |  31.8 | 1540.2
   Spider Nest |   6.8 |   6.9 |   5.1 |  52.9 |  26.1 | 2201.5
    Slime Pits |   0.5 |   0.4 |   7.6 |  30.1 |   0.0 | 114.2
  Orcish Mines |   2.1 |   2.1 |   6.9 |  54.5 |  28.2 | 1361.0
   Elven Halls |   3.3 |   3.3 |   7.2 |  19.1 |  48.4 | 1389.7
        Vaults |   8.7 |   8.6 |   7.7 |  34.5 |  36.8 | 2207.8
         Crypt |   2.5 |   2.3 |  13.8 |  15.7 |  50.2 | 988.7
          Tomb |   1.2 |   1.3 |   0.4 |  41.4 |   0.1 | 540.0
        Depths |   6.9 |   6.5 |  11.4 |  30.8 |  41.1 | 1673.6
          Hell |   0.7 |   0.7 |  15.7 |  28.5 |  32.6 | 841.0
           Dis |   1.7 |   1.8 |   0.0 |  36.5 |  20.0 | 325.1
       Gehenna |   1.4 |   1.5 |   0.0 |  31.3 |   6.5 | 276.1
       Cocytus |   1.7 |   1.8 |   0.0 |  39.0 |   5.5 | 327.9
      Tartarus |   1.8 |   1.9 |   0.3 |  26.5 |  20.1 | 351.3
           Zot |   4.1 |   4.1 |   5.0 |  37.3 |  31.0 | 1063.6
         Abyss |   1.0 |   1.1 |   0.0 |  26.1 |  33.0 | 137.2
   Pandemonium |  19.0 |  20.3 |   0.0 |  28.7 |  39.6 | 1182.0
      Ziggurat |   1.1 |   1.1 |   0.0 |  51.6 |  14.7 | 121.0
     Labyrinth |   0.4 |   0.4 |   0.0 |  36.0 |   0.0 | 516.0
         Sewer |   0.2 |   0.2 |   0.0 |  34.8 |  44.0 | 273.0
      Ice Cave |   0.3 |   0.3 |   0.0 |  21.8 |  28.7 | 404.0
        Wizlab |   0.8 |   0.8 |   0.0 |  11.6 |   0.8 | 1080.0
               +-------+-------+-------+-------+-------+----------------------
